 Dungeon Crawl Stone Soup version 0.30.0-29-ga12c61a403 (webtiles) character file.

Game seed: 18251591565206578430

361906 qw the Slayer (level 22, -7/155 HPs)
             Began as a Gargoyle Fighter on June 5, 2023.
             Was an Elder of Okawaru.
             Mangled by a stone giant simulacrum (43 damage)
             ... animated by a necromancer
             ... on level 2 of the Depths.
             The game lasted 00:24:51 (38587 turns).

qw the Slayer (Gargoyle Fighter)                   Turns: 38587, Time: 00:24:51

Health: -7/155     AC: 55    Str: 37    XL:     22   Next: 46%
Magic:  28/29      EV: 12    Int:  7    God:    Okawaru [****..]
Gold:   740        SH: 22    Dex:  7    Spells: 21/21 levels left

rFire   + . .        q - +16 obsidian axe {drain, demonic, Mesm Drain Fly SInv}
rCold   . . .        J - +0 tower shield {rF+}
rNeg    + . .        c - +8 chain mail of Prudence {Fly rElec rPois Dex-5}
rPois   inf          (helmet restricted)
rElec   +            r - +1 cloak {Will+}
rCorr   .            u - +2 pair of gloves {Dex+3}
SInv    +            A - +2 pair of boots {Stlth+}
Will    ++...        p - amulet of faith
Stlth   +            l - +4 ring of protection
HPRegen 0.45/turn    z - +6 ring of strength
MPRegen 0.21/turn

%: faith
@: heroic, weakened, flying, mesmerised
A: sickness immunity, AC +16, big wings, negative energy resistance 1,
electricity resistance, torment resistance 1, petrification resistance, hooves
1, horns 1, dopey 1
}: 2/15 runes: decaying, serpentine
a: Renounce Religion, Heroism, Finesse


You were on level 2 of the Depths.
You worshipped Okawaru.
Okawaru was greatly pleased with you.
You visited 8 branches of the dungeon, and saw 37 of its levels.
You visited the Abyss 1 time.
You also visited: Sewer and Wizlab.

You collected 4118 gold pieces.
You spent 3378 gold pieces at shops.


Innate Abilities, Weirdness & Mutations

You are immune to sickness and miasma.
Your stone body is resilient. (AC +16)
You are immune to poison.
Your large and strong wings let you fly.
You resist negative energy. (rN+)
You are resistant to electric shocks. (rElec)
You are resistant to unholy torment.
You are immune to petrification.
You have large cloven feet.
You have a pair of small horns on your head.
You are dopey. (Int -2)


   Skills:
 + Level 21.3(26.3) Fighting
 - Level 18.0(23.0) Axes
 - Level 12.0(17.0) Throwing
 - Level 17.0(22.0) Armour
 - Level 6.0(11.0) Dodging
 - Level 21.0(26.0) Shields
 - Level 10.1 Invocations


You had 21 spell levels left.
You didn't know any spells.
Your spell library was empty.

Inventory:

Hand Weapons
 q - the +16 obsidian axe (weapon) {drain, demonic, Mesm Drain Fly SInv}
   (You acquired it on level 6 of the Dungeon)

   Mesm:      Its wielder is mesmerised by any visible foes, and it cannot be
   unequipped while any foes are visible.
   SInv:      It lets you see invisible.
   Fly:       It grants you flight.
   Drain:     It drains your maximum health when unequipped.
 G - a +5 broad axe of venom
Missiles
 b - 16 boomerangs
 s - 17 javelins
 x - a silver javelin (quivered)
Armour
 c - the +8 chain mail of Prudence (worn) {Fly rElec rPois Dex-5}
   (Okawaru gifted it to you on level 2 of the Abyss)

   Dex:       It affects your dexterity (-5).
   rElec:     It insulates you from electricity.
   rPois:     It protects you from poison.
   Fly:       It grants you flight.
 m - a scarf of resistance
 r - a +1 cloak of willpower (worn)
 u - a +2 pair of gloves of dexterity (worn)
 A - a +2 pair of boots of stealth (worn)
 C - +0 acid dragon scales
 E - the +0 cloak of Fortitude {-Cast rF++ rN+++ Dex-4}
   (You found it on level 4 of the Vaults)

   Dex:       It affects your dexterity (-4).
   rF:        It greatly protects you from fire.
   rN:        It renders you almost immune to negative energy.
   -Cast:     It prevents spellcasting.
 I - +0 fire dragon scales
 J - a +0 tower shield of fire resistance (worn)
 K - +0 ice dragon scales
 L - a +2 cloak of poison resistance
Jewellery
 i - an amulet of regeneration
 l - a +4 ring of protection (left hand)
 p - an amulet of faith (around neck)
 v - a ring of protection from fire
 z - a +6 ring of strength (right hand)
 H - the ring "Tanef" {rElec rF+ Stlth+}
   (You acquired it on level 2 of the Orcish Mines)

   [ring of protection from fire]

   rF:        It protects you from fire.
   rElec:     It insulates you from electricity.
   Stlth:     It makes you more stealthy.
 M - a ring of resist corrosion
 Y - the ring of Yqeguitz {Will+ rCorr}
   (You acquired it on level 4 of the Lair of Beasts)

   [ring of resist corrosion]

   rCorr:     It protects you from acid and corrosion.
   Will:      It increases your willpower.
Wands
 B - a wand of digging (13)
Scrolls
 a - 4 scrolls of identify
 f - 18 scrolls of teleportation
 D - 5 scrolls of enchant weapon
 F - 2 scrolls of brand weapon
Potions
 d - 9 potions of might
 e - 2 potions of cancellation
 g - 4 potions of heal wounds
 h - 17 potions of curing
 j - 7 potions of lignification
 k - 7 potions of attraction
 n - 2 potions of magic
 o - 6 potions of mutation
 t - 4 potions of resistance
 w - 9 potions of haste

Dungeon Overview and Level Annotations

Branches:
Dungeon (15/15)            Temple (1/1) D:5            Lair (5/5) D:8
  Swamp (4/4) Lair:3        Snake (4/4) Lair:2        Slime (0/5) Lair:4
    Orc (2/2) D:12            Elf (0/3) Orc:2        Vaults (4/5) D:13
  Crypt (0/3) Vaults:2     Depths (2/4) D:15          Sewer (visited)
 WizLab (visited)

Altars:
Ashenzari
Cheibriados
Dithmenos
Elyvilon
Fedhas
Gozag
Hepliaklqana
Kikubaaqudgha
Makhleb
Nemelex Xobeh
Okawaru
Qazlal
Ru
Sif Muna
Trog
Uskayaw
Vehumet
Wu Jian
Xom
Yredelemnul
Zin
The Shining One
Jiyva
Lugonu

Shops:
D:4 ***:?=   D:5 :[   D:8 !?   D:12 *   Orc:1 :   Orc:2 [?!=(*   Snake:1 *
Snake:2 *   Snake:4 [   Vaults:2 *

Portals:
Hell: Depths:1 Depths:2
Abyss: D:9 Depths:1
Trove: D:11 (give 12 potions of heal wounds)

Annotations:
D:3 2 transporters
D:4 1 runed translucent door, Crazy Yiuf
D:7 1 runed translucent door, qw's ghost, novice GrFi
D:8 2 runed translucent doors, qw's ghost, novice GrFi
D:12 2 transporters, Xqipyl's ghost, journeyman GrFE
Lair:4 3 runed translucent doors, qw's ghost, journeyman GrFi
Swamp:1 3 runed translucent doors, swinepaste's ghost, journeyman DsMo
Swamp:4 3 runed translucent doors, qw's ghost, adept GrFi


Message History

You slice the salamander!! You drain the salamander!
You headbutt the salamander.
The salamander is almost dead.
You hit the necromancer.
The necromancer hits you with a +0 dagger.
The salamander misses you. You block the salamander's attack.
You slash the salamander!
You are no longer entranced.
You kill the salamander!
Okawaru accepts your kill.
You barely miss the sun demon. You hit the necromancer.
Visions of slaying the sun demon flood into your mind.
You block the salamander's attack.
The sun demon hits you but does no damage.
You block the necromancer's attack.
You slice the sun demon!!
The sun demon is almost dead.
You slice the necromancer!! You drain the necromancer.
Visions of slaying the necromancer flood into your mind.
The salamander's soul is no longer bound.
The salamander hits you but does no damage.
You block the salamander's attack.
You carve the sun demon like a ham!!!
You kill the sun demon!
Okawaru accepts your kill.
You slash the necromancer!
You break out of your daze!
You kill the necromancer!
Okawaru accepts your kill.
Visions of slaying the stone giant simulacrum flood into your mind.
The salamander throws a stone.
You block the stone.
You slash the stone giant simulacrum!
The stone giant simulacrum is lightly damaged.
You block the salamander's attack.
You slash the stone giant simulacrum!
The stone giant simulacrum is moderately damaged.
The salamander's soul is no longer bound.
You block the salamander's attack. x2; The stone giant simulacrum hits you.
The stone giant simulacrum freezes you!!!
You die...

~~¤~..)~~~....###..Z~~~#
~~¤~¤~~~¤¤¤.....#.....~~~~~~
..p¤¤~~~(....##.##..........
...¤¤~...........##.........
...~~¤........#...###$......
....~¤........#....$####[$..
..:..¤....N.)N........######
.........~..Z).)#.........
........~~~)@....(......##
........~~.....#%).....#
..#...........#[......#
###.................#
#....#.....:.........#
#...........########..#
#######....... $# #......# #


You could see 2 salamanders and a stone giant simulacrum (mesmerising).

Vanquished Creatures
  A dread lich (Depths:2)
  Sojobo (Vaults:4)
  Boris (twice) (Vaults:2 Depths:2)
  Frederick (Vaults:2)
  Saint Roka (Snake:4)
  Nikola (Depths:1)
  2 titans
  2 quicksilver dragons (Snake:4)
  An Executioner (Abyss:2)
  A tentacled starspawn (Abyss:2)
  2 ancient champions (WizLab)
  Gastronok (D:8)
  Kirke (Swamp:4)
  4 tengu reavers
  2 sphinxes
  A thorn hunter (Swamp:4)
  4 shadow dragons (Depths:2)
  4 fenstrider witches (Swamp:4)
  4 revenants (WizLab)
  11 vault wardens
  4 fire giants
  2 nagarajas (Snake:4)
  A balrug (Depths:1)
  3 frost giants
  2 iron dragons
  A caustic shrike zombie (WizLab)
  An orc warlord (Vaults:4)
  Aizul (Swamp:3)
  A ghoul (Swamp:4)
  Louise (Depths:1)
  A spriggan defender (Depths:2)
  16 ironbound preservers
  A war gargoyle (Vaults:2)
  13 ironbound thunderhulks
  A deep elf demonologist (Vaults:2)
  8 stone giants
  9 vampire knights
  Nessos (D:15)
  A spark wasp (Depths:2)
  2 reapers (Swamp:4)
  12 very ugly things
  7 bunyips
  3 eleionomae
  A spectral titan (WizLab)
  6 halazid warlocks (WizLab)
  8 dire elephants
  A merfolk javelineer (Depths:1)
  2 eidola (WizLab)
  A spectral quicksilver dragon (WizLab)
  Josephine (Swamp:1)
  2 ettins (Depths:2)
  7 jiangshi (WizLab)
  A green death (Abyss:2)
  2 merfolk impalers (Depths:1)
  An entropy weaver (Vaults:4)
  5 great orbs of eyes
  3 fire dragons
  3 shambling mangroves
  6 yaktaur captains
  13 hydras
  An ice dragon (Depths:1)
  6 vault guards
  A rakshasa (Depths:2)
  2 ghost crabs
  3 peacekeepers
  A spriggan air mage (Depths:1)
  5 salamander tyrants
  10 ironbound frosthearts
  5 anacondas
  6 ogre magi
  13 centaur warriors
  24 two-headed ogres
  3 deep troll shamans
  7 boulder beetles
  A tengu warrior (Depths:2)
  2 catoblepae (Depths:1)
  A deep troll earth mage (Depths:2)
  3 hell hogs (Depths:2)
  7 alligators
  14 naga warriors
  3 death yaks (Lair:5)
  3 spriggan berserkers
  4 vampire magi
  2 shock serpents
  A storm dragon zombie (Depths:1)
  4 naga sharpshooters
  6 spriggans
  5 soul eaters
  2 wretched stars (Abyss:2)
  2 hell knights (Depths:2)
  Amaemon (Lair:1)
  An iron troll (Depths:1)
  3 sun demons (Depths:2)
  4 shadow wraiths
  A golden dragon zombie (Depths:1)
  4 salamander mystics
  2 sixfirhies
  A spectral spark wasp (WizLab)
  3 glowing orange brains
  A death drake (Swamp:4)
  8 bog bodies
  12 skeletal warriors
  3 spriggan druids (Swamp:4)
  7 goliath frogs
  4 sea snakes (Snake:1)
  A flayed ghost (Depths:2)
  5 swamp dragons
  50 deep trolls
  2 naga ritualists
  2 lindwurms
  A spectral wolf spider (WizLab)
  8 ironbound convokers
  18 wizards
  A wolf spider zombie (WizLab)
  A deep elf zephyrmancer (Swamp:4)
  3 necromancers
  A sphinx zombie (Depths:2)
  4 orc knights (Vaults:4)
  5 mana vipers
  2 orc sorcerers (Snake:4)
  4 phantasmal warriors (WizLab)
  2 manticores
  3 deep elf pyromancers
  31 ugly things
  2 spectral spriggans (WizLab)
  2 will-o-the-wisps
  15 salamanders
  A moth of wrath (shapeshifter) (Depths:2)
  4 guardian serpents
  9 elephants
  A rust devil (Abyss:2)
  27 black mambas
  4 smoke demons
  A molten gargoyle (Lair:2)
  3 orange demons
  3 gargoyles
  10 cane toads
  14 centaur zombies (D:11)
  An eye of devastation (shapeshifter) (D:14)
  12 naga magi
  4 unseen horrors
  12 vault sentinels
  22 yaktaurs
  Maggie (D:6)
  A hellion (Depths:2)
  3 kobold demonologists (D:12)
  3 rime drakes
  An efreet (D:13)
  2 tengu conjurers
  A redback zombie (Vaults:1)
  5 komodo dragons
  3 meliai (D:13)
  3 polar bears
  7 trolls
  11 tyrant leeches
  Prince Ribbit (D:8)
  8 hornets
  3 raiju (Abyss:2)
  9 dream sheep (Lair:5)
  An ettin zombie (Vaults:1)
  32 blink frogs
  27 slime creatures
  4 shadows (D:11)
  6 water elementals (Depths:1)
  10 flying skulls (WizLab)
  2 spriggan skeletons
  23 humans
  3 large abominations (Abyss:2)
  9 wraiths
  2 ynoxinuls (Abyss:2)
  An ettin skeleton (Vaults:1)
  4 basilisks
  21 yaks
  2 wyverns
  5 vampires
  6 hogs (Swamp:4)
  4 fire bats
  2 steam dragons
  12 vampire mosquitoes
  A chaos spawn (Swamp:4)
  4 neqoxecs
  44 nagas
  A glowing shapeshifter zombie (Depths:2)
  17 swamp worms
  A warg (Orc:1)
  5 acid dragons
  8 water moccasins
  Duvessa (D:6)
  An ice beast (D:6)
  4 swamp drakes
  A black bear (shapeshifter) (D:14)
  A black bear (D:8)
  2 sky beasts
  17 orc warriors
  18 ogres
  28 wolves
  9 boggarts (Vaults:4)
  9 centaurs
  A small abomination (Abyss:2)
  3 kobold brigands
  Blork the orc (D:5)
  14 bullfrogs
  A scorpion (D:5)
  6 earth elementals (Depths:1)
  7 wights
  Dowan (D:6)
  14 killer bees
  8 electric eels
  6 howler monkeys
  2 lava snakes (D:10)
  A quasit (Abyss:2)
  A jelly (D:6)
  A gnoll bouda (Lair:5)
  6 iguanas
  8 orc priests
  9 hounds
  An iron imp (Abyss:2)
  A boggart zombie (D:11)
  14 orc wizards
  2 sleepcaps
  Robin (D:3)
  3 gnolls (D:4)
  12 adders
  6 river rats (Sewer)
  2 shadow imps (D:8)
  2 white imps
  3 ufetubi
  4 worms
  A dart slug (D:2)
  88 orcs
  10 ball pythons
  4 bats
  8 endoplasms
  4 giant cockroaches
  15 goblins
  11 hobgoblins
  4 jackals (D:1)
  2 quokkas
  7 frilled lizards
  12 kobolds
  13 rats
  2 lurking horrors (D:9)
  A spectral weapon (Swamp:4)
  2 starspawn tentacles (Abyss:2)
1430 creatures vanquished.

Vanquished Creatures (others)
  An ogre mage (Swamp:4)
  A mana viper (Snake:1)
  A smoke demon (Depths:2)
  A tyrant leech (Swamp:2)
  2 flying skulls (WizLab)
  A chaos spawn (Swamp:4)
  8 foxfires
  2 starspawn tentacles (Abyss:2)
17 creatures vanquished.

Grand Total: 1447 creatures vanquished

Notes
Turn   | Place    | Note
-------+----------+-------------------------------------------
     0 | D:1      | qw the Gargoyle Fighter began the quest for the Orb.
     0 | D:1      | Reached XP level 1. HP: 14/14 MP: 1/1
     0 | D:1      | 0 ||| qw: Version: 0.2-a-108-gee2c290
     0 | D:1      | 0 ||| qw: Game counter: 1367
     0 | D:1      | 0 ||| qw: Always use a shield: true
     0 | D:1      | 0 ||| qw: God list: Okawaru
     0 | D:1      | 0 ||| qw: Allow faded altars: false
     0 | D:1      | 0 ||| qw: Do Orc after D:15 true
     0 | D:1      | 0 ||| qw: Do second Lair branch before Depths: true
     0 | D:1      | 0 ||| qw: Lair rune preference: random
     0 | D:1      | 0 ||| qw: Plans: Normal, Zot:1-4, Slime:5, God:TSO, Crypt,
                  | Tomb, Abyss, Pan, Hells, Win
     0 | D:1      | 0 ||| PLANNING D:1-11
   172 | D:1      | Reached XP level 2. HP: 17/19 MP: 2/2
   215 | D:1      | HP: 4/19 [frozen (4)]
   462 | D:1      | 462 ||| DROPPING +0 club.
   656 | D:1      | Reached skill level 3 in Axes
   733 | D:1      | Reached XP level 3. HP: 23/23 MP: 3/3
  1024 | D:1      | 1024 ||| UPGRADING to +0 pair of gloves.
  1029 | D:1      | 1029 ||| UPGRADING to +4 ring of protection.
  1030 | D:1      | 1030 ||| READING scroll labelled VUCRUBELEKK.
  1031 | D:1      | 1031 ||| READING scroll labelled ITIMOKE XINU.
  1032 | D:1      | 1032 ||| READING scroll labelled GIHEPANGIWN.
  1033 | D:1      | 1033 ||| DRINKING 2 silvery potions.
  1543 | D:2      | Reached XP level 4. HP: 27/28 MP: 4/4
  1863 | D:2      | 1863 ||| READING scroll labelled ODIRPH ANIGH.
  1864 | D:2      | 1864 ||| READING scroll labelled MAIW PAEBRA.
  1865 | D:2      | 1865 ||| READING scroll labelled JAISAT WAJIADD.
  1869 | D:2      | 1869 ||| READING scroll labelled VEM HYSCHUNNABB.
  1899 | D:3      | 1899 ||| PLANNING SEWER
  2038 | D:3      | Found a transporter.
  2038 | D:3      | You fall into a shaft and drop 3 floors!
  2076 | D:6      | Found a sacrificial altar of Ru.
  2076 | D:6      | Found a shadowy altar of Dithmenos.
  2103 | D:6      | 2103 ||| READING scroll labelled LEGIATT OSHIRR.
  2110 | D:6      | 2110 ||| FLEEEEING.
  2111 | D:6      | 2111 ||| STAIRDANCE
  2112 | D:5      | Entered Level 5 of the Dungeon
  2112 | D:5      | Noticed Blork the orc
  2113 | D:5      | 2113 ||| Stepping ~*~*~tactically~*~*~ (hiding).
  2121 | D:5      | Killed Blork the orc
  2122 | D:5      | Reached XP level 5. HP: 18/32 MP: 5/5
  2183 | D:5      | 2183 ||| FLEEEEING.
  2183 | D:5      | Found a staircase to the Ecumenical Temple.
  2184 | D:5      | 2184 ||| FLEEEEING.
  2191 | D:5      | 2191 ||| STAIRDANCE
  2192 | D:4      | Found Heneical's Assorted Antiques.
  2194 | D:4      | Found Vallu's Assorted Antiques.
  2317 | D:3      | Found a glowing drain.
  2341 | Sewer    | Entered a sewer
  2381 | Sewer    | Reached XP level 6. HP: 38/38 MP: 6/6
  2383 | Sewer    | Reached skill level 1 in Dodging
  2675 | Sewer    | 2675 ||| READING scroll labelled OSUCLIGHAA.
  2676 | Sewer    | 2676 ||| DRINKING 2 puce potions.
  2677 | Sewer    | 2677 ||| DRINKING 2 sedimented cyan potions.
  2677 | Sewer    | Gained mutation: You have an increased reservoir of magic.
                  | (+10% MP) [potion of mutation]
  2678 | Sewer    | 2678 ||| READING 3 scrolls of identify.
  2678 | Sewer    | 2678 ||| IDENTIFYING purple potion
  2679 | Sewer    | 2679 ||| READING 2 scrolls of identify.
  2679 | Sewer    | 2679 ||| IDENTIFYING murky cyan potion
  2680 | Sewer    | 2680 ||| DROPPING potion of flight.
  2726 | D:3      | 2726 ||| PLANNING TEMPLE
  2793 | Temple   | Entered the Ecumenical Temple
  2807 | Temple   | 2807 ||| PLANNING OKAWARU WORSHIP
  2844 | Temple   | Became a worshipper of Warmaster Okawaru
  2844 | Temple   | 2844 ||| PLANNING D:1-11
  2858 | D:5      | Found Najagihu's Antique Armour Shoppe.
  2880 | D:3      | Found a transporter.
  3266 | D:3      | Noticed Robin
  3286 | D:3      | Killed Robin
  3537 | D:3      | 3537 ||| UPGRADING to +0 helmet.
  3542 | D:3      | 3542 ||| DRINKING 2 green potions.
  3543 | D:3      | 3543 ||| DROPPING potion of degeneration.
  3574 | D:4      | Found Buotiana's Magic Scroll Boutique.
  3580 | D:4      | 3580 ||| BUYING 3 scrolls of identify (60 gold).
  3580 | D:4      | Bought 3 scrolls of identify for 60 gold pieces
  3580 | D:4      | 3580 ||| BUYING scroll of enchant armour (75 gold).
  3580 | D:4      | Bought a scroll of enchant armour for 75 gold pieces
  3580 | D:4      | 3580 ||| SHOPLISTING scroll of enchant armour (75 gold,
                  | have 26).
  3580 | D:4      | 3580 ||| BUYING scroll of identify (20 gold).
  3580 | D:4      | Bought a scroll of identify for 20 gold pieces
  3580 | D:4      | 3580 ||| SHOPLISTING scroll of identify (20 gold, have 6).
  3580 | D:4      | 3580 ||| READING scroll of enchant armour.
  3580 | D:4      | 3580 ||| ENCHANTING +0 pair of gloves.
  3601 | D:4      | 3601 ||| Stepping ~*~*~tactically~*~*~ (stealth).
  3668 | D:4      | 3668 ||| Stepping ~*~*~tactically~*~*~ (stealth).
  3745 | D:4      | 3745 ||| DROPPING +0 whip.
  3785 | D:4      | 3785 ||| SHOPLISTING runed filigree amulet (120 gold, have
                  | 22).
  3785 | D:4      | 3785 ||| SHOPLISTING scroll of enchant armour (180 gold,
                  | have 22).
  3785 | D:4      | 3785 ||| SHOPLISTING scroll of identify (48 gold, have 22).
  3785 | D:4      | 3785 ||| SHOPLISTING scroll of teleportation (72 gold, have
                  | 22).
  3791 | D:4      | 3791 ||| SHOPLISTING brown potion (27 gold, have 22).
  3791 | D:4      | 3791 ||| SHOPLISTING jewelled ivory wand (124 gold, have
                  | 22).
  3791 | D:4      | 3791 ||| SHOPLISTING potion of curing (93 gold, have 22).
  3791 | D:4      | 3791 ||| SHOPLISTING scroll labelled OGADOR MUOSO (31 gold,
                  | have 22).
  3791 | D:4      | 3791 ||| SHOPLISTING short gold wand (124 gold, have 22).
  3834 | D:4      | Found Riappef's Vocational Training.
  3835 | D:4      | 3835 ||| Stepping ~*~*~tactically~*~*~ (hiding).
  3837 | D:4      | 3837 ||| Stepping ~*~*~tactically~*~*~ (hiding).
  3864 | D:4      | Reached skill level 6 in Axes
  3990 | D:4      | Reached XP level 7. HP: 37/43 MP: 7/7
  4020 | D:4      | Found a shimmering blue altar of Sif Muna.
  4147 | D:4      | Found Oduzxaorch's Jewellery Shoppe.
  4153 | D:4      | 4153 ||| SHOPLISTING +5 ring of evasion (396 gold, have
                  | 34).
  4153 | D:4      | 4153 ||| SHOPLISTING +6 ring of dexterity (396 gold, have
                  | 34).
  4153 | D:4      | 4153 ||| SHOPLISTING amulet of guardian spirit (330 gold,
                  | have 34).
  4153 | D:4      | 4153 ||| SHOPLISTING amulet of the acrobat (330 gold, have
                  | 34).
  4153 | D:4      | 4153 ||| SHOPLISTING ring "Suxac" {rF++ rC+ Str+5 Stlth-}
                  | (644 gold, have 34).
  4153 | D:4      | 4153 ||| SHOPLISTING ring of positive energy (220 gold,
                  | have 34).
  4153 | D:4      | 4153 ||| SHOPLISTING ring of protection from cold (275
                  | gold, have 34).
  4153 | D:4      | 4153 ||| SHOPLISTING ring of protection from fire (275
                  | gold, have 34).
  4153 | D:4      | 4153 ||| SHOPLISTING ring of resist corrosion (220 gold,
                  | have 34).
  4255 | D:4      | Found a runed translucent door.
  4256 | D:4      | Noticed Crazy Yiuf
  4351 | D:4      | Found Dimuulad's Assorted Antiques.
  4359 | D:4      | 4359 ||| SHOPLISTING 2 scrolls labelled KOWEEBY PYPEK (42
                  | gold, have 34).
  4359 | D:4      | 4359 ||| BUYING fuming grey potion (18 gold).
  4359 | D:4      | Bought a fuming grey potion for 18 gold pieces
  4359 | D:4      | 4359 ||| SHOPLISTING potion of might (84 gold, have 16).
  4359 | D:4      | 4359 ||| SHOPLISTING scroll of teleportation (63 gold, have
                  | 16).
  4359 | D:4      | 4359 ||| SHOPLISTING smoky dark potion (18 gold, have 16).
  4384 | D:4      | 4384 ||| READING scroll of enchant armour.
  4384 | D:4      | 4384 ||| ENCHANTING +1 pair of gloves.
  4529 | D:4      | 4529 ||| UPGRADING to +0 chain mail.
  4539 | D:4      | 4539 ||| DROPPING +0 scale mail.
  4540 | D:4      | 4540 ||| UPGRADING to +0 kite shield.
  4550 | D:4      | 4550 ||| DROPPING +0 buckler.
  4551 | D:4      | 4551 ||| READING 5 scrolls of identify.
  4551 | D:4      | 4551 ||| IDENTIFYING murky grey potion
  4552 | D:4      | 4552 ||| READING 4 scrolls of identify.
  4552 | D:4      | 4552 ||| IDENTIFYING bubbling puce potion
  4553 | D:4      | 4553 ||| READING 3 scrolls of identify.
  4553 | D:4      | 4553 ||| IDENTIFYING smoky ruby potion
  4554 | D:4      | 4554 ||| READING 2 scrolls of identify.
  4554 | D:4      | 4554 ||| IDENTIFYING fuming grey potion
  4555 | D:4      | 4555 ||| DROPPING potion of ambrosia.
  4621 | D:5      | 4621 ||| SHOPLISTING pitted helmet (237 gold, have 37).
  4621 | D:5      | 4621 ||| SHOPLISTING tower shield (112 gold, have 37).
  5109 | D:5      | 5109 ||| Stepping ~*~*~tactically~*~*~ (hiding).
  5114 | D:5      | 5114 ||| Stepping ~*~*~tactically~*~*~ (hiding).
  5171 | D:5      | Found Xetoby's Tremendous Tomes.
  5312 | D:5      | Reached skill level 1 in Throwing
  5524 | D:5      | Found a glowing silver altar of Zin.
  5598 | D:6      | Noticed Duvessa
  5599 | D:6      | Noticed Dowan
  5600 | D:6      | 5600 ||| Stepping ~*~*~tactically~*~*~ (stealth).
  5604 | D:6      | Noticed Maggie
  5610 | D:6      | Killed Duvessa
  5610 | D:6      | Reached * piety under Okawaru
  5611 | D:6      | Reached skill level 6 in Shields
  5611 | D:6      | Reached XP level 8. HP: 26/48 MP: 8/8
  5611 | D:6      | 5611 ||| INVOKING Heroism.
  5613 | D:6      | HP: 3/48 [Maggie/bolt of fire (24)]
  5614 | D:6      | 5614 ||| READING 3 scrolls of teleportation.
  5615 | D:6      | 5615 ||| DRINKING 6 potions of heal wounds.
  5617 | D:6      | Killed Dowan
  5713 | D:6      | Reached skill level 1 in Invocations
  5789 | D:6      | 5789 ||| Stepping ~*~*~tactically~*~*~ (stealth).
  5800 | D:6      | 5800 ||| INVOKING Heroism.
  5801 | D:6      | 5801 ||| INVOKING Heroism.
  5806 | D:6      | Killed Maggie
  5807 | D:6      | Reached skill level 3 in Invocations
  5933 | D:6      | 5933 ||| DROPPING +0 flail.
  6001 | D:6      | 6001 ||| INVOKING Heroism.
  6018 | D:6      | HP: 6/48 [orc priest/divine providence (15)]
  6019 | D:6      | 6019 ||| READING 4 scrolls of teleportation.
  6020 | D:6      | 6020 ||| DRINKING 5 potions of heal wounds.
  6021 | D:6      | 6021 ||| INVOKING Heroism.
  6035 | D:6      | 6035 ||| Stepping randomly (disturbance).
  6036 | D:6      | 6036 ||| Stepping randomly (disturbance).
  6037 | D:6      | 6037 ||| Stepping randomly (disturbance).
  6038 | D:6      | 6038 ||| Stepping randomly (disturbance).
  6083 | D:6      | 6083 ||| Stepping ~*~*~tactically~*~*~ (hiding).
  6084 | D:6      | 6084 ||| Stepping ~*~*~tactically~*~*~ (stealth).
  6089 | D:6      | 6089 ||| INVOKING Heroism.
  6105 | D:6      | 6105 ||| Stepping ~*~*~tactically~*~*~ (stealth).
  6125 | D:6      | 6125 ||| INVOKING Heroism.
  6130 | D:6      | Reached XP level 9. HP: 54/54 MP: 10/13
  6285 | D:6      | 6285 ||| Stepping ~*~*~tactically~*~*~ (stealth).
  6375 | D:6      | 6375 ||| READING scroll labelled VOORIR GAIXKE.
  6376 | D:6      | 6376 ||| READING scroll labelled HYLLAT VUMMEILL.
  6376 | D:6      | Identified a scroll of acquirement
  6376 | D:6      | 6376 ||| ACQUIRING +16 obsidian axe {drain, demonic, Mesm
                  | Drain Fly SInv}
  6376 | D:6      | Acquired the +16 obsidian axe {drain, demonic, Mesm Drain
                  | Fly SInv}
  6376 | D:6      | Found the +16 obsidian axe {drain, demonic, Mesm Drain Fly
                  | SInv}
  6378 | D:6      | 6378 ||| SWAPPING to +16 obsidian axe {drain, demonic, Mesm
                  | Drain Fly SInv}.
  6379 | D:6      | 6379 ||| READING 2 scrolls labelled ZONTOPPOITU.
  6380 | D:6      | 6380 ||| DRINKING 2 murky inky potions.
  6484 | D:6      | 6484 ||| DROPPING potion of berserk rage.
  6485 | D:6      | 6485 ||| DROPPING scroll of magic mapping.
  6492 | D:7      | 6492 ||| INVOKING Heroism.
  6528 | D:7      | 6528 ||| INVOKING Heroism.
  6535 | D:7      | HP: 13/54 [orc priest/nerve-wracking pain (4)]
  6536 | D:7      | 6536 ||| READING 3 scrolls of teleportation.
  6537 | D:7      | 6537 ||| DRINKING 4 potions of heal wounds.
  6679 | D:7      | Found a runed translucent door.
  6702 | D:7      | Found a flagged portal.
  6745 | D:7      | 6745 ||| INVOKING Heroism.
  6844 | D:7      | Reached skill level 6 in Fighting
  6845 | D:7      | 6845 ||| INVOKING Heroism.
  6978 | D:7      | 6978 ||| DROPPING +1 war axe.
  7033 | D:7      | 7033 ||| INVOKING Heroism.
  7045 | D:7      | Reached ** piety under Okawaru
  7091 | D:7      | 7091 ||| Stepping ~*~*~tactically~*~*~ (stealth).
  7154 | D:7      | Noticed qw's ghost (novice GrFi)
  7189 | D:7      | 7189 ||| Stepping ~*~*~tactically~*~*~ (stealth).
  7280 | D:7      | 7280 ||| UPGRADING to +0 plate armour.
  7290 | D:7      | 7290 ||| DROPPING +0 chain mail.
  7291 | D:7      | 7291 ||| READING 4 scrolls of identify.
  7291 | D:7      | 7291 ||| IDENTIFYING orange potion
  7292 | D:7      | 7292 ||| READING 3 scrolls of identify.
  7292 | D:7      | 7292 ||| IDENTIFYING smoky dark potion
  7293 | D:7      | 7293 ||| DROPPING potion of invisibility.
  7298 | D:7      | 7298 ||| Stepping ~*~*~tactically~*~*~ (stealth).
  7299 | D:7      | 7299 ||| Stepping ~*~*~tactically~*~*~ (stealth).
  7343 | D:8      | Noticed a hornet
  7346 | D:8      | Killed a hornet
  7347 | D:8      | Reached XP level 10. HP: 55/60 MP: 14/14
  7349 | D:8      | Reached skill level 9 in Axes
  7371 | D:8      | Noticed Gastronok
  7372 | D:8      | 7372 ||| INVOKING Heroism.
  7379 | D:8      | 7379 ||| Stepping ~*~*~tactically~*~*~ (cloud).
  7379 | D:8      | Found Ifuamis's Distillery.
  7388 | D:8      | Killed Gastronok
  7388 | D:8      | Reached *** piety under Okawaru
  7461 | D:8      | 7461 ||| BUYING 2 potions of might (96 gold).
  7461 | D:8      | Bought 2 potions of might for 96 gold pieces
  7461 | D:8      | 7461 ||| BUYING potion of heal wounds (60 gold).
  7461 | D:8      | Bought a potion of heal wounds for 60 gold pieces
  7461 | D:8      | 7461 ||| SHOPLISTING potion of heal wounds (60 gold, have
                  | 24).
  7461 | D:8      | 7461 ||| SHOPLISTING potion of magic (96 gold, have 24).
  7461 | D:8      | 7461 ||| SHOPLISTING potion of resistance (120 gold, have
                  | 24).
  7465 | D:8      | 7465 ||| INVOKING Heroism.
  7488 | D:8      | 7488 ||| INVOKING Heroism.
  7516 | D:8      | 7516 ||| INVOKING Heroism.
  7518 | D:8      | Found a staircase to the Lair.
  7715 | D:8      | 7715 ||| Stepping ~*~*~tactically~*~*~ (stealth).
  7738 | D:8      | Noticed Prince Ribbit
  7748 | D:8      | Killed Prince Ribbit
  7749 | D:8      | Reached skill level 9 in Shields
  7761 | D:8      | 7761 ||| INVOKING Heroism.
  7813 | D:8      | Found a large runed translucent door.
  7814 | D:8      | Found a large runed translucent door.
  7819 | D:8      | Noticed qw's ghost (novice GrFi)
  7821 | D:8      | 7821 ||| Stepping ~*~*~tactically~*~*~ (stealth).
  7822 | D:8      | 7822 ||| Stepping ~*~*~tactically~*~*~ (stealth).
  7823 | D:8      | 7823 ||| Stepping ~*~*~tactically~*~*~ (stealth).
  7835 | D:8      | Found Reomecze's Magic Scroll Shoppe.
  7839 | D:8      | 7839 ||| SHOPLISTING 3 scrolls of identify (78 gold, have
                  | 76).
  7839 | D:8      | 7839 ||| BUYING scroll of identify (26 gold).
  7839 | D:8      | Bought a scroll of identify for 26 gold pieces
  7839 | D:8      | 7839 ||| BUYING scroll of teleportation (39 gold).
  7839 | D:8      | Bought a scroll of teleportation for 39 gold pieces
  8134 | D:8      | Found a stormy altar of Qazlal.
  8253 | D:8      | 8253 ||| PLANNING LAIR
  8253 | D:8      | 8253 ||| UPGRADING to amulet of regeneration.
  8258 | D:8      | 8258 ||| UPGRADING to +6 ring of strength.
  8259 | D:8      | 8259 ||| READING scroll labelled OGADOR MUOSO.
  8272 | Lair:1   | Entered Level 1 of the Lair of Beasts
  8294 | Lair:1   | 8294 ||| Stepping ~*~*~tactically~*~*~ (stealth).
  8304 | Lair:1   | Reached XP level 11. HP: 67/67 MP: 15/15
  8311 | Lair:1   | 8311 ||| Stepping ~*~*~tactically~*~*~ (stealth).
  8313 | Lair:1   | 8313 ||| INVOKING Heroism.
  8318 | Lair:1   | Reached **** piety under Okawaru
  8350 | Lair:1   | 8350 ||| Stepping ~*~*~tactically~*~*~ (stealth).
  8351 | Lair:1   | 8351 ||| Stepping ~*~*~tactically~*~*~ (stealth).
  8354 | Lair:1   | 8354 ||| Stepping ~*~*~tactically~*~*~ (stealth).
  8356 | Lair:1   | 8356 ||| Stepping ~*~*~tactically~*~*~ (stealth).
  8359 | Lair:1   | 8359 ||| Stepping ~*~*~tactically~*~*~ (stealth).
  8360 | Lair:1   | 8360 ||| INVOKING Heroism.
  8372 | Lair:1   | Received a gift from Okawaru
  8484 | Lair:1   | 8484 ||| INVOKING Heroism.
  8575 | Lair:1   | Noticed Amaemon
  8576 | Lair:1   | 8576 ||| INVOKING Heroism.
  8586 | Lair:1   | Killed Amaemon
  8587 | Lair:1   | Reached skill level 3 in Throwing
  8592 | Lair:1   | 8592 ||| DROPPING +1 heavy morningstar.
  8612 | Lair:1   | 8612 ||| INVOKING Heroism.
  8688 | Lair:1   | 8688 ||| INVOKING Heroism.
  8722 | Lair:1   | 8722 ||| INVOKING Heroism.
  8785 | Lair:1   | 8785 ||| INVOKING Heroism.
  9197 | Lair:1   | 9197 ||| READING 3 scrolls of identify.
  9197 | Lair:1   | 9197 ||| IDENTIFYING fizzy green potion
  9220 | Lair:2   | 9220 ||| INVOKING Heroism.
  9249 | Lair:2   | Reached skill level 6 in Invocations
  9312 | Lair:2   | Found a sparkling altar of Nemelex Xobeh.
  9437 | Lair:2   | 9437 ||| Stepping ~*~*~tactically~*~*~ (hiding).
  9443 | Lair:2   | 9443 ||| INVOKING Heroism.
  9562 | Lair:2   | Found a frozen archway.
  9614 | Lair:2   | 9614 ||| INVOKING Heroism.
  9788 | Lair:2   | 9788 ||| Stepping ~*~*~tactically~*~*~ (hiding).
  9792 | Lair:2   | Found a staircase to the Snake Pit.
  9994 | Lair:2   | 9994 ||| READING scroll labelled ICWESA TOGAJ.
  9995 | Lair:2   | 9995 ||| READING scroll labelled GIRIGU NODUPN.
 10097 | Lair:3   | Noticed a boulder beetle
 10098 | Lair:3   | 10098 ||| INVOKING Heroism.
 10105 | Lair:3   | Killed a boulder beetle
 10106 | Lair:3   | Reached XP level 12. HP: 74/74 MP: 16/19
 10212 | Lair:3   | 10212 ||| Stepping ~*~*~tactically~*~*~ (stealth).
 10213 | Lair:3   | 10213 ||| Stepping ~*~*~tactically~*~*~ (stealth).
 10231 | Lair:3   | Received a gift from Okawaru
 10262 | Lair:3   | 10262 ||| INVOKING Heroism.
 10318 | Lair:3   | 10318 ||| INVOKING Heroism.
 10330 | Lair:3   | Reached skill level 9 in Fighting
 10331 | Lair:3   | Reached ***** piety under Okawaru
 10410 | Lair:3   | Received a gift from Okawaru
 10609 | Lair:3   | 10609 ||| INVOKING Heroism.
 10634 | Lair:3   | Reached skill level 9 in Invocations
 10657 | Lair:3   | Found a staircase to the Swamp.
 10661 | Lair:3   | 10661 ||| Stepping ~*~*~tactically~*~*~ (stealth).
 10869 | Lair:3   | 10869 ||| DROPPING amulet of the acrobat.
 10895 | Lair:4   | Found a runed translucent gate.
 10896 | Lair:4   | Found a runed translucent gate.
 10911 | Lair:4   | 10911 ||| READING scroll of acquirement.
 10911 | Lair:4   | 10911 ||| ACQUIRING ring of Yqeguitz {Will+ rCorr}
 10911 | Lair:4   | Acquired the ring of Yqeguitz {Will+ rCorr}
 10942 | Lair:4   | Found a runed translucent gate.
 10948 | Lair:4   | Noticed qw's ghost (journeyman GrFi)
 10984 | Lair:4   | Received a gift from Okawaru
 10985 | Lair:4   | 10985 ||| INVOKING Heroism.
 11023 | Lair:4   | Noticed a five-headed hydra
 11024 | Lair:4   | 11024 ||| Stepping ~*~*~tactically~*~*~ (stealth).
 11038 | Lair:4   | 11038 ||| Stepping ~*~*~tactically~*~*~ (stealth).
 11039 | Lair:4   | 11039 ||| INVOKING Heroism.
 11040 | Lair:4   | 11040 ||| INVOKING Finesse.
 11049 | Lair:4   | Killed a ten-headed hydra
 11217 | Lair:4   | 11217 ||| Stepping ~*~*~tactically~*~*~ (stealth).
 11258 | Lair:4   | Noticed a four-headed hydra
 11259 | Lair:4   | 11259 ||| INVOKING Heroism.
 11260 | Lair:4   | 11260 ||| INVOKING Finesse.
 11264 | Lair:4   | Killed a seven-headed hydra
 11265 | Lair:4   | Reached skill level 12 in Axes
 11352 | Lair:4   | Reached XP level 13. HP: 80/80 MP: 22/22
 11389 | Lair:4   | 11389 ||| INVOKING Heroism.
 11390 | Lair:4   | 11390 ||| INVOKING Finesse.
 11400 | Lair:4   | 11400 ||| Stepping ~*~*~tactically~*~*~ (stealth).
 11401 | Lair:4   | 11401 ||| Stepping ~*~*~tactically~*~*~ (stealth).
 11402 | Lair:4   | 11402 ||| Stepping ~*~*~tactically~*~*~ (stealth).
 11403 | Lair:4   | 11403 ||| Stepping ~*~*~tactically~*~*~ (stealth).
 11404 | Lair:4   | 11404 ||| Stepping ~*~*~tactically~*~*~ (stealth).
 11405 | Lair:4   | 11405 ||| Stepping ~*~*~tactically~*~*~ (stealth).
 11417 | Lair:4   | 11417 ||| Stepping ~*~*~tactically~*~*~ (stealth).
 11428 | Lair:4   | 11428 ||| Stepping ~*~*~tactically~*~*~ (stealth).
 11538 | Lair:4   | 11538 ||| INVOKING Heroism.
 11539 | Lair:4   | 11539 ||| INVOKING Finesse.
 11581 | Lair:4   | Found a viscous altar of Jiyva.
 11582 | Lair:4   | Found a staircase to the Slime Pits.
 11716 | Lair:4   | 11716 ||| Stepping ~*~*~tactically~*~*~ (stealth).
 12023 | Lair:4   | 12023 ||| READING scroll labelled INTOD YJETHRORI.
 12150 | Lair:5   | Entered Level 5 of the Lair of Beasts
 12166 | Lair:5   | 12166 ||| INVOKING Heroism.
 12199 | Lair:5   | 12199 ||| INVOKING Heroism.
 12260 | Lair:5   | 12260 ||| INVOKING Heroism.
 12321 | Lair:5   | 12321 ||| Stepping ~*~*~tactically~*~*~ (stealth).
 12322 | Lair:5   | 12322 ||| Stepping ~*~*~tactically~*~*~ (stealth).
 12323 | Lair:5   | 12323 ||| INVOKING Heroism.
 12345 | Lair:5   | Received a gift from Okawaru
 12363 | Lair:5   | 12363 ||| INVOKING Finesse.
 12374 | Lair:5   | 12374 ||| INVOKING Heroism.
 12375 | Lair:5   | 12375 ||| Stepping ~*~*~tactically~*~*~ (stealth).
 12387 | Lair:5   | Reached skill level 9 in Armour
 12503 | Lair:5   | 12503 ||| INVOKING Heroism.
 12504 | Lair:5   | 12504 ||| INVOKING Finesse.
 12684 | Lair:5   | 12684 ||| Stepping ~*~*~tactically~*~*~ (stealth).
 12685 | Lair:5   | 12685 ||| Stepping ~*~*~tactically~*~*~ (stealth).
 12690 | Lair:5   | Received a gift from Okawaru
 12714 | Lair:5   | Identified the ring of Nublup {Will+ Str+2 Int+6}
 12724 | Lair:5   | 12724 ||| Stepping ~*~*~tactically~*~*~ (hiding).
 12858 | Lair:5   | 12858 ||| Stepping ~*~*~tactically~*~*~ (hiding).
 12863 | Lair:5   | 12863 ||| INVOKING Heroism.
 12887 | Lair:5   | 12887 ||| Stepping ~*~*~tactically~*~*~ (stealth).
 12897 | Lair:5   | 12897 ||| Stepping ~*~*~tactically~*~*~ (hiding).
 12900 | Lair:5   | 12900 ||| Stepping ~*~*~tactically~*~*~ (hiding).
 12901 | Lair:5   | 12901 ||| Stepping ~*~*~tactically~*~*~ (hiding).
 13028 | Lair:5   | 13028 ||| Stepping ~*~*~tactically~*~*~ (stealth).
 13031 | Lair:5   | Noticed a fire dragon
 13032 | Lair:5   | 13032 ||| INVOKING Heroism.
 13033 | Lair:5   | 13033 ||| INVOKING Finesse.
 13036 | Lair:5   | Gained mutation: Your large and strong wings let you fly.
                  | [Gargoyle growth]
 13036 | Lair:5   | Reached XP level 14. HP: 84/88 MP: 15/23
 13372 | Lair:5   | 13372 ||| PLANNING D:1-11
 13372 | Lair:5   | 13372 ||| DROPPING ring of Nublup {Will+ Str+2 Int+6}.
 13662 | D:9      | 13662 ||| Stepping ~*~*~tactically~*~*~ (stealth).
 14066 | D:9      | Found a shimmering altar of Xom.
 14066 | D:9      | Found a shimmering altar of Xom.
 14066 | D:9      | Found a shimmering altar of Xom.
 14066 | D:9      | Found a shimmering altar of Xom.
 14100 | D:9      | Found a corrupted altar of Lugonu.
 14106 | D:9      | Found a one-way gate to the infinite horrors of the Abyss.
 14138 | D:9      | Found a shimmering altar of Xom.
 14139 | D:9      | Found a shimmering altar of Xom.
 14142 | D:9      | Found a shimmering altar of Xom.
 14142 | D:9      | Found a shimmering altar of Xom.
 14163 | D:9      | Found a radiant altar of Vehumet.
 14447 | D:10     | Entered Level 10 of the Dungeon
 14535 | D:10     | 14535 ||| FLEEEEING.
 14536 | D:10     | 14536 ||| FLEEEEING.
 14926 | D:10     | Found an ornate altar of the Wu Jian Council.
 14928 | D:10     | Found a burning altar of Makhleb.
 15162 | D:11     | 15162 ||| FLEEEEING.
 15163 | D:11     | 15163 ||| STAIRDANCE
 15325 | D:11     | 15325 ||| Stepping ~*~*~tactically~*~*~ (stealth).
 15327 | D:11     | 15327 ||| Stepping ~*~*~tactically~*~*~ (stealth).
 15355 | D:11     | Reached skill level 12 in Shields
 15362 | D:11     | Received a gift from Okawaru
 15484 | D:11     | 15484 ||| Stepping ~*~*~tactically~*~*~ (stealth).
 15486 | D:11     | 15486 ||| Stepping ~*~*~tactically~*~*~ (stealth).
 15578 | D:11     | 15578 ||| INVOKING Heroism.
 15595 | D:11     | Reached skill level 6 in Throwing
 15673 | D:11     | 15673 ||| Stepping ~*~*~tactically~*~*~ (stealth).
 15709 | D:11     | 15709 ||| READING scroll of enchant armour.
 15709 | D:11     | 15709 ||| ENCHANTING +0 helmet.
 15798 | D:11     | Found a portal to a secret trove of treasure.
 15973 | D:11     | Reached ****** piety under Okawaru
 16054 | D:11     | 16054 ||| PLANNING D
 16240 | D:12     | Found a transporter.
 16278 | D:12     | Found a transporter.
 16279 | D:12     | Noticed Xqipyl's ghost (journeyman GrFE)
 16339 | D:12     | 16339 ||| Stepping ~*~*~tactically~*~*~ (stealth).
 16362 | D:12     | Found a staircase to the Orcish Mines.
 16468 | D:12     | 16468 ||| Stepping ~*~*~tactically~*~*~ (hiding).
 16744 | D:12     | 16744 ||| INVOKING Heroism.
 16745 | D:12     | 16745 ||| INVOKING Finesse.
 16826 | Abyss:2  | Found a corrupted altar of Lugonu.
 16826 | Abyss:2  | Cast into level 2 of the Abyss (a wizard)
 16853 | Abyss:2  | 16853 ||| Stepping ~*~*~tactically~*~*~ (hiding).
 16868 | Abyss:2  | 16868 ||| INVOKING Heroism.
 16883 | Abyss:2  | 16883 ||| Stepping ~*~*~tactically~*~*~ (stealth).
 16886 | Abyss:2  | 16886 ||| Stepping ~*~*~tactically~*~*~ (stealth).
 16903 | Abyss:2  | Found a corrupted altar of Lugonu.
 16905 | Abyss:2  | Noticed a brown very ugly thing
 16906 | Abyss:2  | Noticed a brown very ugly thing
 16906 | Abyss:2  | 16906 ||| Stepping ~*~*~tactically~*~*~ (stealth).
 16907 | Abyss:2  | 16907 ||| Stepping ~*~*~tactically~*~*~ (stealth).
 16909 | Abyss:2  | Reached skill level 15 in Axes
 16909 | Abyss:2  | 16909 ||| Stepping ~*~*~tactically~*~*~ (stealth).
 16916 | Abyss:2  | Killed a brown very ugly thing
 16923 | Abyss:2  | Killed a purple very ugly thing
 16929 | Abyss:2  | Identified the +8 chain mail of Prudence {Fly rElec rPois
                  | Dex-5} (Okawaru gifted it to you on level 2 of the Abyss)
 16929 | Abyss:2  | Received a gift from Okawaru
 16940 | Abyss:2  | Reached XP level 15. HP: 95/96 MP: 24/24
 17002 | Abyss:2  | 17002 ||| Stepping ~*~*~tactically~*~*~ (stealth).
 17006 | Abyss:2  | Noticed a tentacled starspawn
 17014 | Abyss:2  | Killed a tentacled starspawn
 17015 | Abyss:2  | Reached skill level 12 in Fighting
 17034 | Abyss:2  | 17034 ||| Stepping ~*~*~tactically~*~*~ (stealth).
 17111 | Abyss:2  | 17111 ||| Stepping ~*~*~tactically~*~*~ (hiding).
 17112 | Abyss:2  | 17112 ||| Stepping ~*~*~tactically~*~*~ (hiding).
 17117 | Abyss:2  | 17117 ||| INVOKING Heroism.
 17164 | Abyss:2  | Noticed an Executioner
 17165 | Abyss:2  | 17165 ||| Stepping ~*~*~tactically~*~*~ (stealth).
 17167 | Abyss:2  | 17167 ||| Stepping ~*~*~tactically~*~*~ (stealth).
 17178 | Abyss:2  | Killed an Executioner
 17192 | D:12     | Escaped the Abyss
 17237 | D:12     | Reached skill level 3 in Dodging
 17362 | D:12     | Found Mefosuema's General Store.
 17366 | D:12     | 17366 ||| BUYING +2 pair of boots of stealth (344 gold).
 17366 | D:12     | Bought a +2 pair of boots of stealth for 344 gold pieces
 17366 | D:12     | 17366 ||| BUYING wand of digging (6) (403 gold).
 17366 | D:12     | Bought a wand of digging (6) for 403 gold pieces
 17376 | D:12     | 17376 ||| UPGRADING to +2 pair of boots of stealth.
 17381 | D:12     | 17381 ||| DROPPING amulet of guardian spirit.
 17557 | D:13     | 17557 ||| Stepping ~*~*~tactically~*~*~ (stealth).
 17559 | D:13     | 17559 ||| Stepping ~*~*~tactically~*~*~ (hiding).
 17560 | D:13     | 17560 ||| Stepping ~*~*~tactically~*~*~ (hiding).
 17584 | D:13     | Found a gate to the Vaults.
 17622 | D:13     | Received a gift from Okawaru
 17654 | D:13     | 17654 ||| INVOKING Heroism.
 17746 | D:13     | 17746 ||| INVOKING Heroism.
 17752 | D:13     | 17752 ||| Stepping ~*~*~tactically~*~*~ (hiding).
 17755 | D:13     | 17755 ||| Stepping ~*~*~tactically~*~*~ (hiding).
 17802 | D:13     | 17802 ||| Stepping ~*~*~tactically~*~*~ (hiding).
 17803 | D:13     | 17803 ||| Stepping ~*~*~tactically~*~*~ (hiding).
 17805 | D:13     | 17805 ||| Stepping ~*~*~tactically~*~*~ (hiding).
 18005 | D:13     | 18005 ||| INVOKING Heroism.
 18121 | D:14     | 18121 ||| INVOKING Heroism.
 18278 | D:14     | 18278 ||| Stepping ~*~*~tactically~*~*~ (hiding).
 18420 | D:14     | 18420 ||| INVOKING Heroism.
 18422 | D:14     | 18422 ||| INVOKING Finesse.
 18513 | D:14     | 18513 ||| INVOKING Heroism.
 18514 | D:14     | 18514 ||| INVOKING Finesse.
 18740 | D:14     | 18740 ||| INVOKING Heroism.
 18746 | D:14     | Received a gift from Okawaru
 19092 | D:14     | 19092 ||| UPGRADING to +0 cloak.
 19151 | D:15     | Entered Level 15 of the Dungeon
 19151 | D:15     | Noticed Nessos
 19152 | D:15     | 19152 ||| INVOKING Finesse.
 19172 | D:15     | 19172 ||| INVOKING Heroism.
 19194 | D:15     | Killed Nessos
 19716 | D:15     | 19716 ||| Stepping ~*~*~tactically~*~*~ (stealth).
 19717 | D:15     | 19717 ||| Stepping ~*~*~tactically~*~*~ (stealth).
 19720 | D:15     | 19720 ||| Stepping ~*~*~tactically~*~*~ (stealth).
 19722 | D:15     | 19722 ||| Stepping ~*~*~tactically~*~*~ (stealth).
 19729 | D:15     | 19729 ||| INVOKING Heroism.
 19735 | D:15     | Reached XP level 16. HP: 101/101 MP: 23/25
 19801 | D:15     | 19801 ||| INVOKING Heroism.
 19810 | D:15     | Reached skill level 12 in Armour
 19924 | D:15     | 19924 ||| Stepping ~*~*~tactically~*~*~ (hiding).
 19935 | D:15     | 19935 ||| FLEEEEING.
 19936 | D:15     | 19936 ||| FLEEEEING.
 19948 | D:15     | 19948 ||| INVOKING Heroism.
 19953 | D:15     | HP: 13/101 [crystal wall collision (21)]
 19954 | D:15     | 19954 ||| READING 14 scrolls of teleportation.
 19955 | D:15     | 19955 ||| DRINKING 9 potions of heal wounds.
 20137 | D:15     | 20137 ||| Stepping ~*~*~tactically~*~*~ (stealth).
 20146 | D:15     | Found a staircase to the Depths.
 20152 | D:15     | 20152 ||| PLANNING ORC
 20243 | Orc:1    | Entered Level 1 of the Orcish Mines
 20420 | Orc:1    | 20420 ||| Stepping ~*~*~tactically~*~*~ (stealth).
 20510 | Orc:1    | Found Siniu's Book Emporium.
 20746 | Orc:2    | Entered Level 2 of the Orcish Mines
 20746 | Orc:2    | Found Diownum's Antique Weapon Shop.
 20839 | Orc:2    | Found a staircase to the Elven Halls.
 20881 | Orc:2    | 20881 ||| Stepping ~*~*~tactically~*~*~ (stealth).
 20896 | Orc:2    | 20896 ||| INVOKING Heroism.
 20903 | Orc:2    | Received a gift from Okawaru
 20916 | Orc:2    | 20916 ||| DROPPING +0 broad axe.
 20942 | Orc:2    | 20942 ||| INVOKING Heroism.
 20958 | Orc:2    | Found Tuteuriycs's Magic Scroll Emporium.
 20958 | Orc:2    | Found Nyextat's Jewellery Shop.
 20961 | Orc:2    | Found Lig Otud's Antique Armour Boutique.
 20961 | Orc:2    | Found Nisuklul's Distillery.
 20968 | Orc:2    | 20968 ||| BUYING scroll of acquirement (728 gold).
 20968 | Orc:2    | Bought a scroll of acquirement for 728 gold pieces
 20968 | Orc:2    | 20968 ||| BUYING scroll of enchant weapon (105 gold).
 20968 | Orc:2    | Bought a scroll of enchant weapon for 105 gold pieces
 20968 | Orc:2    | 20968 ||| BUYING scroll of teleportation (42 gold).
 20968 | Orc:2    | Bought a scroll of teleportation for 42 gold pieces
 20968 | Orc:2    | 20968 ||| BUYING scroll of teleportation (42 gold).
 20968 | Orc:2    | Bought a scroll of teleportation for 42 gold pieces
 20968 | Orc:2    | 20968 ||| READING scroll of acquirement.
 20968 | Orc:2    | 20968 ||| ACQUIRING ring "Tanef" {rElec rF+ Stlth+}
 20968 | Orc:2    | Acquired the ring "Tanef" {rElec rF+ Stlth+}
 20971 | Orc:2    | 20971 ||| SHOPLISTING runed chain mail (232 gold, have 7).
 20971 | Orc:2    | 20971 ||| SHOPLISTING runed helmet (232 gold, have 7).
 20972 | Orc:2    | 20972 ||| SHOPLISTING 2 potions of lignification (84 gold,
                  | have 7).
 20972 | Orc:2    | 20972 ||| SHOPLISTING potion of might (56 gold, have 7).
 20972 | Orc:2    | 20972 ||| SHOPLISTING potion of resistance (140 gold, have
                  | 7).
 20973 | Orc:2    | 20973 ||| SHOPLISTING +4 ring of slaying (1092 gold, have
                  | 7).
 20973 | Orc:2    | 20973 ||| SHOPLISTING amulet of the Devil's Team {Spirit
                  | rF+ Int+3} (704 gold, have 7).
 20973 | Orc:2    | 20973 ||| SHOPLISTING ring "Eguumem" {Drain rF+ Str+3 SInv}
                  | (415 gold, have 7).
 20973 | Orc:2    | 20973 ||| SHOPLISTING ring of Dott {Contam rPois Will+
                  | Int+6 Dex+6} (837 gold, have 7).
 21068 | Orc:2    | 21068 ||| Stepping ~*~*~tactically~*~*~ (stealth).
 21070 | Orc:2    | 21070 ||| Stepping ~*~*~tactically~*~*~ (stealth).
 21072 | Orc:2    | 21072 ||| Stepping ~*~*~tactically~*~*~ (hiding).
 21075 | Orc:2    | 21075 ||| Stepping ~*~*~tactically~*~*~ (hiding).
 21217 | Orc:2    | Found Hnlihipou's Humungous Hoard.
 21222 | Orc:2    | 21222 ||| BUYING potion of heal wounds (60 gold).
 21222 | Orc:2    | Bought a potion of heal wounds for 60 gold pieces
 21378 | Orc:2    | Found a radiant altar of Vehumet.
 21401 | Orc:2    | 21401 ||| PLANNING SNAKE:1-3
 21580 | Snake:1  | Entered Level 1 of the Snake Pit
 21622 | Snake:1  | 21622 ||| INVOKING Heroism.
 21684 | Snake:1  | 21684 ||| Stepping ~*~*~tactically~*~*~ (stealth).
 21686 | Snake:1  | 21686 ||| Stepping ~*~*~tactically~*~*~ (stealth).
 21751 | Snake:1  | 21751 ||| Stepping ~*~*~tactically~*~*~ (hiding).
 21752 | Snake:1  | 21752 ||| Stepping ~*~*~tactically~*~*~ (hiding).
 21806 | Snake:1  | 21806 ||| Stepping ~*~*~tactically~*~*~ (hiding).
 21814 | Snake:1  | Found Kusa Tae's General Store.
 21827 | Snake:1  | 21827 ||| Stepping ~*~*~tactically~*~*~ (stealth).
 21828 | Snake:1  | 21828 ||| Stepping ~*~*~tactically~*~*~ (stealth).
 21865 | Snake:1  | 21865 ||| Stepping ~*~*~tactically~*~*~ (stealth).
 21913 | Snake:1  | Received a gift from Okawaru
 22112 | Snake:1  | 22112 ||| UPGRADING to +0 kite shield of protection.
 22122 | Snake:1  | 22122 ||| DROPPING +0 kite shield.
 22123 | Snake:1  | 22123 ||| DROPPING +6 ring of dexterity.
 22285 | Snake:2  | Found Oxzaesie's Assorted Antiques.
 22298 | Snake:2  | 22298 ||| BUYING embroidered cloak (262 gold).
 22298 | Snake:2  | Bought an embroidered cloak for 262 gold pieces
 22298 | Snake:2  | 22298 ||| SHOPLISTING potion of attraction (105 gold, have
                  | 51).
 22298 | Snake:2  | 22298 ||| SHOPLISTING potion of haste (350 gold, have 51).
 22298 | Snake:2  | 22298 ||| SHOPLISTING scroll of teleportation (105 gold,
                  | have 51).
 22325 | Snake:2  | 22325 ||| Stepping ~*~*~tactically~*~*~ (hiding).
 22331 | Snake:2  | Reached skill level 18 in Axes
 22457 | Snake:2  | 22457 ||| INVOKING Heroism.
 22745 | Snake:2  | Reached XP level 17. HP: 108/108 MP: 27/27
 22831 | Snake:2  | Identified the +6 rapier "Ocimpon" {flame, rC- Will++}
 22875 | Snake:2  | 22875 ||| Stepping ~*~*~tactically~*~*~ (hiding).
 23022 | Snake:2  | Found the +5 Lochaber axe {reach-cleave, Poleaxe Drain}
 23146 | Snake:2  | 23146 ||| UPGRADING to +0 cloak of willpower.
 23156 | Snake:2  | 23156 ||| DROPPING +0 cloak.
 23168 | Snake:1  | 23168 ||| BUYING potion of heal wounds (80 gold).
 23168 | Snake:1  | Bought a potion of heal wounds for 80 gold pieces
 23281 | Snake:3  | Received a gift from Okawaru
 23311 | Snake:3  | 23311 ||| Stepping ~*~*~tactically~*~*~ (hiding).
 23312 | Snake:3  | 23312 ||| Stepping ~*~*~tactically~*~*~ (hiding).
 23322 | Snake:3  | 23322 ||| Stepping ~*~*~tactically~*~*~ (hiding).
 23356 | Snake:3  | 23356 ||| Stepping ~*~*~tactically~*~*~ (hiding).
 23431 | Snake:3  | 23431 ||| Stepping ~*~*~tactically~*~*~ (stealth).
 23433 | Snake:3  | 23433 ||| Stepping ~*~*~tactically~*~*~ (hiding).
 23434 | Snake:3  | 23434 ||| Stepping ~*~*~tactically~*~*~ (hiding).
 23435 | Snake:3  | 23435 ||| Stepping ~*~*~tactically~*~*~ (hiding).
 23483 | Snake:3  | 23483 ||| Stepping ~*~*~tactically~*~*~ (hiding).
 23484 | Snake:3  | 23484 ||| Stepping ~*~*~tactically~*~*~ (hiding).
 23485 | Snake:3  | 23485 ||| Stepping ~*~*~tactically~*~*~ (hiding).
 23689 | Snake:3  | 23689 ||| Stepping ~*~*~tactically~*~*~ (hiding).
 23701 | Snake:3  | 23701 ||| Stepping ~*~*~tactically~*~*~ (hiding).
 23732 | Snake:3  | 23732 ||| Stepping ~*~*~tactically~*~*~ (hiding).
 23745 | Snake:3  | 23745 ||| INVOKING Heroism.
 23793 | Snake:3  | 23793 ||| Stepping ~*~*~tactically~*~*~ (hiding).
 23812 | Snake:3  | 23812 ||| Stepping ~*~*~tactically~*~*~ (hiding).
 23814 | Snake:3  | 23814 ||| Stepping ~*~*~tactically~*~*~ (hiding).
 23846 | Snake:3  | 23846 ||| Stepping ~*~*~tactically~*~*~ (stealth).
 23885 | Snake:3  | 23885 ||| Stepping ~*~*~tactically~*~*~ (hiding).
 23909 | Snake:3  | 23909 ||| PLANNING SWAMP:1-3
 23932 | Snake:3  | 23932 ||| Stepping ~*~*~tactically~*~*~ (hiding).
 24206 | Swamp:1  | Entered Level 1 of the Swamp
 24215 | Swamp:1  | 24215 ||| INVOKING Heroism.
 24244 | Swamp:1  | 24244 ||| Stepping ~*~*~tactically~*~*~ (stealth).
 24255 | Swamp:1  | Found a runed translucent gate.
 24255 | Swamp:1  | Found a runed translucent gate.
 24255 | Swamp:1  | Found a runed translucent gate.
 24256 | Swamp:1  | Noticed swinepaste's ghost (journeyman DsMo)
 24304 | Swamp:1  | 24304 ||| INVOKING Heroism.
 24372 | Swamp:1  | 24372 ||| INVOKING Heroism.
 24391 | Swamp:1  | 24391 ||| Stepping ~*~*~tactically~*~*~ (hiding).
 24398 | Swamp:1  | 24398 ||| Stepping ~*~*~tactically~*~*~ (stealth).
 24402 | Swamp:1  | 24402 ||| Stepping ~*~*~tactically~*~*~ (stealth).
 24412 | Swamp:1  | 24412 ||| Stepping ~*~*~tactically~*~*~ (stealth).
 24413 | Swamp:1  | 24413 ||| Stepping ~*~*~tactically~*~*~ (stealth).
 24433 | Swamp:1  | 24433 ||| Stepping ~*~*~tactically~*~*~ (stealth).
 24468 | Swamp:1  | Noticed Josephine
 24483 | Swamp:1  | Killed Josephine
 24606 | Swamp:1  | 24606 ||| Stepping ~*~*~tactically~*~*~ (stealth).
 24612 | Swamp:1  | 24612 ||| INVOKING Heroism.
 24750 | Swamp:1  | 24750 ||| Stepping ~*~*~tactically~*~*~ (hiding).
 25072 | Swamp:1  | 25072 ||| UPGRADING to +2 pair of gloves of dexterity.
 25082 | Swamp:1  | 25082 ||| UPGRADING to +8 chain mail of Prudence {Fly rElec
                  | rPois Dex-5}.
 25092 | Swamp:1  | 25092 ||| DROPPING +2 pair of gloves.
 25093 | Swamp:1  | 25093 ||| DROPPING +0 plate armour.
 25170 | Swamp:2  | 25170 ||| Stepping ~*~*~tactically~*~*~ (cloud).
 25196 | Swamp:2  | 25196 ||| Stepping ~*~*~tactically~*~*~ (hiding).
 25197 | Swamp:2  | 25197 ||| Stepping ~*~*~tactically~*~*~ (hiding).
 25306 | Swamp:2  | 25306 ||| Stepping ~*~*~tactically~*~*~ (hiding).
 25307 | Swamp:2  | 25307 ||| INVOKING Heroism.
 25314 | Swamp:2  | 25314 ||| Stepping ~*~*~tactically~*~*~ (hiding).
 25321 | Swamp:2  | 25321 ||| Stepping ~*~*~tactically~*~*~ (hiding).
 25324 | Swamp:2  | 25324 ||| Stepping ~*~*~tactically~*~*~ (hiding).
 25497 | Swamp:2  | 25497 ||| INVOKING Heroism.
 25506 | Swamp:2  | Reached skill level 15 in Fighting
 25515 | Swamp:2  | Received a gift from Okawaru
 25889 | Swamp:3  | 25889 ||| Stepping ~*~*~tactically~*~*~ (stealth).
 25940 | Swamp:3  | 25940 ||| INVOKING Heroism.
 26009 | Swamp:3  | 26009 ||| Stepping ~*~*~tactically~*~*~ (stealth).
 26011 | Swamp:3  | 26011 ||| Stepping ~*~*~tactically~*~*~ (hiding).
 26012 | Swamp:3  | 26012 ||| INVOKING Heroism.
 26103 | Swamp:3  | Noticed Aizul
 26104 | Swamp:3  | 26104 ||| INVOKING Heroism.
 26105 | Swamp:3  | 26105 ||| INVOKING Finesse.
 26115 | Swamp:3  | Killed Aizul
 26206 | Swamp:3  | 26206 ||| Stepping ~*~*~tactically~*~*~ (stealth).
 26244 | Swamp:3  | Received a gift from Okawaru
 26302 | Swamp:3  | 26302 ||| Stepping ~*~*~tactically~*~*~ (stealth).
 26581 | Swamp:3  | 26581 ||| PLANNING SNAKE:4
 26803 | Snake:4  | Entered Level 4 of the Snake Pit
 26818 | Snake:4  | Reached XP level 18. HP: 119/119 MP: 28/28
 26818 | Snake:4  | 26818 ||| DROPPING +0 demon whip of venom.
 26834 | Snake:4  | Received a gift from Okawaru
 26842 | Snake:4  | Noticed Saint Roka
 26843 | Snake:4  | 26843 ||| INVOKING Heroism.
 26844 | Snake:4  | 26844 ||| INVOKING Finesse.
 26852 | Snake:4  | Found a basalt altar of Yredelemnul.
 26862 | Snake:4  | Killed Saint Roka
 26959 | Snake:4  | Found Otadeine's Antique Armour Emporium.
 26969 | Snake:4  | 26969 ||| SHOPLISTING crystal plate armour (2640 gold, have
                  | 579).
 26969 | Snake:4  | 26969 ||| BUYING pair of embroidered gloves (247 gold).
 26969 | Snake:4  | Bought a pair of embroidered gloves for 247 gold pieces
 27234 | Snake:4  | 27234 ||| Stepping ~*~*~tactically~*~*~ (hiding).
 27289 | Snake:4  | 27289 ||| INVOKING Heroism.
 27454 | Snake:4  | 27454 ||| Stepping ~*~*~tactically~*~*~ (hiding).
 27488 | Snake:4  | 27488 ||| Stepping ~*~*~tactically~*~*~ (stealth).
 27490 | Snake:4  | 27490 ||| Stepping ~*~*~tactically~*~*~ (stealth).
 27492 | Snake:4  | 27492 ||| INVOKING Heroism.
 27503 | Snake:4  | 27503 ||| Stepping ~*~*~tactically~*~*~ (stealth).
 27505 | Snake:4  | 27505 ||| Stepping ~*~*~tactically~*~*~ (hiding).
 27644 | Snake:4  | 27644 ||| Stepping ~*~*~tactically~*~*~ (hiding).
 27648 | Snake:4  | 27648 ||| Stepping ~*~*~tactically~*~*~ (hiding).
 27650 | Snake:4  | 27650 ||| Stepping ~*~*~tactically~*~*~ (hiding).
 27652 | Snake:4  | 27652 ||| INVOKING Heroism.
 27662 | Snake:4  | Identified the +4 hand axe of the Spectre {freeze, rC-
                  | Str+5 Dex+2} (Okawaru gifted it to you on level 4 of the
                  | Snake Pit)
 27662 | Snake:4  | Received a gift from Okawaru
 27674 | Snake:4  | 27674 ||| INVOKING Heroism.
 27679 | Snake:4  | Noticed a quicksilver dragon
 27685 | Snake:4  | Reached skill level 9 in Throwing
 27686 | Snake:4  | Noticed a quicksilver dragon
 27694 | Snake:4  | Killed a quicksilver dragon
 27695 | Snake:4  | Reached skill level 15 in Shields
 27695 | Snake:4  | Killed a quicksilver dragon
 27730 | Snake:4  | Got a serpentine rune of Zot
 27735 | Snake:4  | 27735 ||| Stepping ~*~*~tactically~*~*~ (hiding).
 27737 | Snake:4  | 27737 ||| INVOKING Heroism.
 27811 | Snake:4  | 27811 ||| INVOKING Heroism.
 27987 | Snake:4  | 27987 ||| PLANNING VAULTS:1-4
 27987 | Snake:4  | 27987 ||| UPGRADING to +0 tower shield.
 27997 | Snake:4  | 27997 ||| DROPPING +1 pair of gloves of stealth.
 27998 | Snake:4  | 27998 ||| DROPPING +0 kite shield of protection.
 27999 | Snake:4  | 27999 ||| UPGRADING to +0 tower shield of fire resistance.
 28009 | Snake:4  | 28009 ||| DROPPING +0 tower shield.
 28010 | Snake:4  | 28010 ||| UPGRADING to ring of Yqeguitz {Will+ rCorr}.
 28321 | Vaults:1 | Entered Level 1 of the Vaults
 28368 | Vaults:1 | 28368 ||| INVOKING Heroism.
 28499 | Vaults:1 | 28499 ||| Stepping ~*~*~tactically~*~*~ (hiding).
 28500 | Vaults:1 | 28500 ||| Stepping ~*~*~tactically~*~*~ (hiding).
 28502 | Vaults:1 | 28502 ||| Stepping ~*~*~tactically~*~*~ (hiding).
 28546 | Vaults:1 | 28546 ||| INVOKING Heroism.
 28637 | Vaults:1 | 28637 ||| Stepping ~*~*~tactically~*~*~ (hiding).
 28639 | Vaults:1 | 28639 ||| Stepping ~*~*~tactically~*~*~ (hiding).
 28665 | Vaults:1 | 28665 ||| Stepping ~*~*~tactically~*~*~ (hiding).
 28667 | Vaults:1 | 28667 ||| INVOKING Heroism.
 28668 | Vaults:1 | 28668 ||| INVOKING Finesse.
 28764 | Vaults:1 | 28764 ||| INVOKING Heroism.
 28816 | Vaults:1 | 28816 ||| INVOKING Heroism.
 28945 | Vaults:1 | 28945 ||| INVOKING Heroism.
 29012 | Vaults:1 | 29012 ||| FLEEEEING.
 29016 | Vaults:1 | 29016 ||| FLEEEEING.
 29046 | Vaults:1 | 29046 ||| INVOKING Heroism.
 29047 | Vaults:1 | 29047 ||| INVOKING Finesse.
 29051 | Vaults:1 | Received a gift from Okawaru
 29138 | Vaults:1 | 29138 ||| Stepping ~*~*~tactically~*~*~ (stealth).
 29148 | Vaults:1 | 29148 ||| INVOKING Heroism.
 29155 | Vaults:1 | Reached XP level 19. HP: 124/124 MP: 27/29
 29210 | Vaults:1 | 29210 ||| INVOKING Heroism.
 29223 | Vaults:1 | Reached skill level 18 in Shields
 29494 | Vaults:1 | 29494 ||| Stepping ~*~*~tactically~*~*~ (hiding).
 29600 | Vaults:1 | 29600 ||| READING scroll of acquirement.
 29600 | Vaults:1 | 29600 ||| ACQUIRING +1 helmet of the Unbroken {rCorr}
 29600 | Vaults:1 | Acquired the +1 helmet of the Unbroken {rCorr}
 29746 | Vaults:1 | 29746 ||| INVOKING Heroism.
 29747 | Vaults:1 | 29747 ||| INVOKING Finesse.
 29943 | Vaults:1 | 29943 ||| DROPPING ring of magical power.
 30024 | Vaults:2 | 30024 ||| Stepping ~*~*~tactically~*~*~ (stealth).
 30156 | Vaults:2 | 30156 ||| READING scroll of enchant armour.
 30156 | Vaults:2 | 30156 ||| ENCHANTING +1 helmet.
 30177 | Vaults:2 | 30177 ||| Stepping ~*~*~tactically~*~*~ (hiding).
 30180 | Vaults:2 | 30180 ||| Stepping ~*~*~tactically~*~*~ (hiding).
 30182 | Vaults:2 | 30182 ||| INVOKING Heroism.
 30245 | Vaults:2 | Noticed Boris
 30246 | Vaults:2 | 30246 ||| Stepping ~*~*~tactically~*~*~ (hiding).
 30247 | Vaults:2 | 30247 ||| INVOKING Heroism.
 30258 | Vaults:2 | Killed Boris
 30311 | Vaults:2 | 30311 ||| FLEEEEING.
 30314 | Vaults:2 | 30314 ||| FLEEEEING.
 30318 | Vaults:2 | Received a gift from Okawaru
 30320 | Vaults:2 | 30320 ||| FLEEEEING.
 30353 | Vaults:2 | 30353 ||| FLEEEEING.
 30354 | Vaults:2 | 30354 ||| FLEEEEING.
 30355 | Vaults:2 | 30355 ||| FLEEEEING.
 30356 | Vaults:2 | 30356 ||| FLEEEEING.
 30522 | Vaults:2 | Found Boiticha's Assorted Antiques.
 30529 | Vaults:2 | 30529 ||| BUYING 2 potions of mutation (352 gold).
 30529 | Vaults:2 | Bought 2 potions of mutation for 352 gold pieces
 30529 | Vaults:2 | 30529 ||| BUYING potion of heal wounds (110 gold).
 30529 | Vaults:2 | Bought a potion of heal wounds for 110 gold pieces
 30529 | Vaults:2 | 30529 ||| BUYING scroll of brand weapon (209 gold).
 30529 | Vaults:2 | Bought a scroll of brand weapon for 209 gold pieces
 30529 | Vaults:2 | 30529 ||| SHOPLISTING scroll of teleportation (66 gold,
                  | have 26).
 30657 | Vaults:2 | Identified the +2 quarterstaff of the Skies Above {flame,
                  | *Rage rC++ SInv Stlth+}
 30751 | Vaults:2 | 30751 ||| Stepping ~*~*~tactically~*~*~ (stealth).
 30790 | Vaults:2 | Found a staircase to the Crypt.
 30858 | Vaults:2 | Noticed Frederick
 30859 | Vaults:2 | 30859 ||| INVOKING Heroism.
 30860 | Vaults:2 | 30860 ||| INVOKING Finesse.
 30870 | Vaults:2 | Killed Frederick
 31195 | Vaults:2 | 31195 ||| DROPPING ring of positive energy.
 31315 | Vaults:3 | 31315 ||| Stepping ~*~*~tactically~*~*~ (hiding).
 31317 | Vaults:3 | 31317 ||| Stepping ~*~*~tactically~*~*~ (hiding).
 31491 | Vaults:3 | 31491 ||| INVOKING Heroism.
 31494 | Vaults:3 | Reached skill level 15 in Armour
 31596 | Vaults:3 | 31596 ||| INVOKING Heroism.
 31638 | Vaults:3 | 31638 ||| INVOKING Heroism.
 31751 | Vaults:3 | Reached XP level 20. HP: 133/134 MP: 30/30
 31894 | Vaults:3 | Received a gift from Okawaru
 32096 | Vaults:3 | 32096 ||| Stepping ~*~*~tactically~*~*~ (hiding).
 32260 | Vaults:3 | Received a gift from Okawaru
 32319 | Vaults:3 | Reached skill level 18 in Fighting
 32633 | Vaults:4 | 32633 ||| INVOKING Heroism.
 32677 | Vaults:4 | 32677 ||| Stepping ~*~*~tactically~*~*~ (hiding).
 32712 | Vaults:4 | 32712 ||| Stepping ~*~*~tactically~*~*~ (stealth).
 32714 | Vaults:4 | 32714 ||| Stepping ~*~*~tactically~*~*~ (hiding).
 32715 | Vaults:4 | 32715 ||| Stepping ~*~*~tactically~*~*~ (hiding).
 32716 | Vaults:4 | 32716 ||| Stepping ~*~*~tactically~*~*~ (hiding).
 32755 | Vaults:4 | 32755 ||| Stepping ~*~*~tactically~*~*~ (stealth).
 32757 | Vaults:4 | 32757 ||| INVOKING Heroism.
 32776 | Vaults:4 | 32776 ||| Stepping ~*~*~tactically~*~*~ (hiding).
 32785 | Vaults:4 | 32785 ||| Stepping ~*~*~tactically~*~*~ (hiding).
 32915 | Vaults:4 | Received a gift from Okawaru
 32962 | Vaults:4 | 32962 ||| Stepping ~*~*~tactically~*~*~ (hiding).
 32964 | Vaults:4 | 32964 ||| Stepping ~*~*~tactically~*~*~ (hiding).
 32965 | Vaults:4 | 32965 ||| Stepping ~*~*~tactically~*~*~ (hiding).
 32968 | Vaults:4 | 32968 ||| Stepping ~*~*~tactically~*~*~ (hiding).
 33019 | Vaults:4 | 33019 ||| Stepping ~*~*~tactically~*~*~ (stealth).
 33075 | Vaults:4 | Identified the +0 cloak of Fortitude {-Cast rF++ rN+++
                  | Dex-4}
 33118 | Vaults:4 | Noticed Sojobo
 33119 | Vaults:4 | 33119 ||| Stepping ~*~*~tactically~*~*~ (hiding).
 33123 | Vaults:4 | 33123 ||| INVOKING Heroism.
 33124 | Vaults:4 | 33124 ||| INVOKING Finesse.
 33147 | Vaults:4 | Paralysed by an air elemental for 1 turns
 33161 | Vaults:4 | Killed Sojobo
 33161 | Vaults:4 | Received a gift from Okawaru
 33221 | Vaults:4 | 33221 ||| Stepping ~*~*~tactically~*~*~ (stealth).
 33284 | Vaults:4 | 33284 ||| FLEEEEING.
 33285 | Vaults:4 | 33285 ||| FLEEEEING.
 33288 | Vaults:4 | 33288 ||| FLEEEEING.
 33440 | Vaults:4 | 33440 ||| INVOKING Heroism.
 33441 | Vaults:4 | 33441 ||| Stepping ~*~*~tactically~*~*~ (stealth).
 33444 | Vaults:4 | 33444 ||| INVOKING Finesse.
 33457 | Vaults:4 | 33457 ||| Stepping ~*~*~tactically~*~*~ (stealth).
 33503 | Vaults:4 | 33503 ||| Stepping ~*~*~tactically~*~*~ (stealth).
 33837 | Vaults:4 | 33837 ||| Stepping ~*~*~tactically~*~*~ (hiding).
 33863 | Vaults:4 | Received a gift from Okawaru
 33915 | Vaults:4 | 33915 ||| Stepping ~*~*~tactically~*~*~ (stealth).
 33938 | Vaults:4 | 33938 ||| FLEEEEING.
 33939 | Vaults:4 | 33939 ||| FLEEEEING.
 33943 | Vaults:4 | 33943 ||| FLEEEEING.
 33944 | Vaults:4 | 33944 ||| FLEEEEING.
 33945 | Vaults:4 | 33945 ||| FLEEEEING.
 33946 | Vaults:4 | 33946 ||| FLEEEEING.
 33947 | Vaults:4 | 33947 ||| FLEEEEING.
 33948 | Vaults:4 | 33948 ||| FLEEEEING.
 33949 | Vaults:4 | 33949 ||| FLEEEEING.
 33951 | Vaults:4 | 33951 ||| Stepping ~*~*~tactically~*~*~ (hiding).
 33958 | Vaults:4 | Received a gift from Okawaru
 34002 | Vaults:4 | 34002 ||| Stepping ~*~*~tactically~*~*~ (stealth).
 34004 | Vaults:4 | 34004 ||| Stepping ~*~*~tactically~*~*~ (stealth).
 34106 | Vaults:4 | 34106 ||| PLANNING SWAMP:4
 34106 | Vaults:4 | 34106 ||| UPGRADING to +6 ring of strength.
 34433 | Swamp:4  | Entered Level 4 of the Swamp
 34433 | Swamp:4  | Noticed Kirke
 34445 | Swamp:4  | Killed Kirke
 34445 | Swamp:4  | Received a gift from Okawaru
 34476 | Swamp:4  | Found a runed translucent gate.
 34476 | Swamp:4  | Found a runed translucent gate.
 34476 | Swamp:4  | Found a runed translucent gate.
 34477 | Swamp:4  | Noticed qw's ghost (adept GrFi)
 34501 | Swamp:4  | 34501 ||| Stepping ~*~*~tactically~*~*~ (hiding).
 34559 | Swamp:4  | 34559 ||| Stepping ~*~*~tactically~*~*~ (stealth).
 34569 | Swamp:4  | 34569 ||| INVOKING Heroism.
 34586 | Swamp:4  | 34586 ||| INVOKING Heroism.
 34591 | Swamp:4  | 34591 ||| Stepping ~*~*~tactically~*~*~ (hiding).
 34701 | Swamp:4  | 34701 ||| INVOKING Heroism.
 34709 | Swamp:4  | Gained mutation: You do not regenerate when monsters are
                  | visible. [a neqoxec]
 34718 | Swamp:4  | Received a gift from Okawaru
 34729 | Swamp:4  | 34729 ||| Stepping ~*~*~tactically~*~*~ (hiding).
 34784 | Swamp:4  | 34784 ||| Stepping ~*~*~tactically~*~*~ (stealth).
 34785 | Swamp:4  | 34785 ||| DRINKING 6 potions of mutation.
 34785 | Swamp:4  | Lost mutation: You do not regenerate when monsters are
                  | visible. [potion of mutation]
 34785 | Swamp:4  | Lost mutation: You have an increased reservoir of magic.
                  | (+10% MP) [potion of mutation]
 34785 | Swamp:4  | Gained mutation: You have a pair of small horns on your
                  | head. [potion of mutation]
 34785 | Swamp:4  | Gained mutation: You are dopey. (Int -2) [potion of
                  | mutation]
 34785 | Swamp:4  | Gained mutation: You have large cloven feet. [potion of
                  | mutation]
 34827 | Swamp:4  | 34827 ||| Stepping ~*~*~tactically~*~*~ (hiding).
 34841 | Swamp:4  | 34841 ||| Stepping ~*~*~tactically~*~*~ (hiding).
 34861 | Swamp:4  | 34861 ||| Stepping ~*~*~tactically~*~*~ (hiding).
 34874 | Swamp:4  | Reached XP level 21. HP: 144/144 MP: 28/28
 34882 | Swamp:4  | 34882 ||| Stepping ~*~*~tactically~*~*~ (hiding).
 34923 | Swamp:4  | 34923 ||| Stepping ~*~*~tactically~*~*~ (hiding).
 35045 | Swamp:4  | Received a gift from Okawaru
 35070 | Swamp:4  | Got a decaying rune of Zot
 35466 | Swamp:4  | 35466 ||| PLANNING DEPTHS
 35466 | Swamp:4  | 35466 ||| DROPPING +2 helmet.
 35467 | Swamp:4  | 35467 ||| DROPPING +1 helmet of the Unbroken {rCorr}.
 35468 | Swamp:4  | 35468 ||| DROPPING +0 tower shield of poison resistance.
 35765 | Depths:1 | Entered Level 1 of the Depths
 35766 | Depths:1 | 35766 ||| PLANNING WIZLAB
 35781 | Depths:1 | Found a magical portal.
 35790 | WizLab   | Entered Borgnjor's Mausoleum
 35845 | WizLab   | 35845 ||| Stepping ~*~*~tactically~*~*~ (hiding).
 35892 | WizLab   | 35892 ||| Stepping ~*~*~tactically~*~*~ (hiding).
 35942 | WizLab   | 35942 ||| INVOKING Heroism.
 35983 | WizLab   | 35983 ||| Stepping ~*~*~tactically~*~*~ (hiding).
 35984 | WizLab   | 35984 ||| INVOKING Heroism.
 35985 | WizLab   | 35985 ||| Stepping ~*~*~tactically~*~*~ (hiding).
 36109 | WizLab   | 36109 ||| Stepping ~*~*~tactically~*~*~ (stealth).
 36115 | WizLab   | 36115 ||| Stepping ~*~*~tactically~*~*~ (stealth).
 36126 | WizLab   | 36126 ||| INVOKING Heroism.
 36134 | WizLab   | HP: 18/123 [halazid warlock/bolt of cold (23)]
 36135 | WizLab   | 36135 ||| READING 21 scrolls of teleportation.
 36135 | WizLab   | HP: 6/122 [halazid warlock/bolt of negative energy (13)]
 36136 | WizLab   | 36136 ||| DRINKING 15 potions of heal wounds.
 36137 | WizLab   | 36137 ||| DRINKING 14 potions of heal wounds.
 36138 | WizLab   | 36138 ||| READING 20 scrolls of teleportation.
 36139 | WizLab   | 36139 ||| DRINKING 13 potions of heal wounds.
 36140 | WizLab   | 36140 ||| DRINKING 12 potions of heal wounds.
 36219 | WizLab   | 36219 ||| Stepping ~*~*~tactically~*~*~ (hiding).
 36220 | WizLab   | 36220 ||| Stepping ~*~*~tactically~*~*~ (stealth).
 36221 | WizLab   | 36221 ||| Stepping ~*~*~tactically~*~*~ (hiding).
 36277 | WizLab   | 36277 ||| Stepping ~*~*~tactically~*~*~ (hiding).
 36278 | WizLab   | 36278 ||| Stepping ~*~*~tactically~*~*~ (hiding).
 36438 | WizLab   | 36438 ||| UPGRADING to amulet of faith.
 36473 | Depths:1 | 36473 ||| PLANNING DEPTHS
 36491 | Depths:1 | 36491 ||| INVOKING Finesse.
 36605 | Depths:1 | 36605 ||| INVOKING Heroism.
 36606 | Depths:1 | 36606 ||| INVOKING Finesse.
 36676 | Depths:1 | 36676 ||| FLEEEEING.
 36677 | Depths:1 | 36677 ||| FLEEEEING.
 36683 | Depths:1 | 36683 ||| INVOKING Heroism.
 36798 | Depths:1 | 36798 ||| FLEEEEING.
 36809 | Depths:1 | 36809 ||| FLEEEEING.
 36810 | Depths:1 | 36810 ||| FLEEEEING.
 36811 | Depths:1 | 36811 ||| FLEEEEING.
 36812 | Depths:1 | 36812 ||| FLEEEEING.
 36818 | Depths:1 | Noticed Louise
 36840 | Depths:1 | Reached skill level 21 in Shields
 36843 | Depths:1 | Killed Louise
 36843 | Depths:1 | Received a gift from Okawaru
 36848 | Depths:1 | 36848 ||| INVOKING Heroism.
 37036 | Depths:1 | Noticed Nikola
 37037 | Depths:1 | 37037 ||| Stepping ~*~*~tactically~*~*~ (stealth).
 37064 | Depths:1 | Killed Nikola
 37211 | Depths:1 | 37211 ||| INVOKING Heroism.
 37218 | Depths:1 | 37218 ||| Stepping ~*~*~tactically~*~*~ (hiding).
 37229 | Depths:1 | Received a gift from Okawaru
 37619 | Depths:1 | Found a gateway to Hell.
 37623 | Depths:1 | 37623 ||| INVOKING Heroism.
 37932 | Depths:2 | 37932 ||| Stepping ~*~*~tactically~*~*~ (hiding).
 37960 | Depths:2 | Received a gift from Okawaru
 38000 | Depths:2 | 38000 ||| INVOKING Heroism.
 38004 | Depths:2 | Reached skill level 21 in Fighting
 38018 | Depths:2 | 38018 ||| Stepping ~*~*~tactically~*~*~ (hiding).
 38033 | Depths:2 | Noticed Boris
 38034 | Depths:2 | 38034 ||| INVOKING Finesse.
 38036 | Depths:2 | Reached XP level 22. HP: 113/155 MP: 23/29
 38047 | Depths:2 | Killed Boris
 38058 | Depths:2 | 38058 ||| Stepping ~*~*~tactically~*~*~ (stealth).
 38059 | Depths:2 | 38059 ||| Stepping ~*~*~tactically~*~*~ (stealth).
 38066 | Depths:2 | 38066 ||| Stepping ~*~*~tactically~*~*~ (stealth).
 38067 | Depths:2 | 38067 ||| Stepping ~*~*~tactically~*~*~ (stealth).
 38068 | Depths:2 | 38068 ||| Stepping ~*~*~tactically~*~*~ (hiding).
 38069 | Depths:2 | 38069 ||| Stepping ~*~*~tactically~*~*~ (hiding).
 38070 | Depths:2 | 38070 ||| Stepping ~*~*~tactically~*~*~ (hiding).
 38075 | Depths:2 | 38075 ||| INVOKING Heroism.
 38090 | Depths:2 | Noticed a dread lich
 38091 | Depths:2 | 38091 ||| INVOKING Finesse.
 38103 | Depths:2 | Paralysed by a dread lich for 3 turns
 38106 | Depths:2 | Killed a dread lich
 38124 | Depths:2 | 38124 ||| INVOKING Heroism.
 38157 | Depths:2 | 38157 ||| Stepping ~*~*~tactically~*~*~ (stealth).
 38158 | Depths:2 | 38158 ||| Stepping ~*~*~tactically~*~*~ (stealth).
 38194 | Depths:2 | 38194 ||| INVOKING Heroism.
 38195 | Depths:2 | 38195 ||| INVOKING Finesse.
 38341 | Depths:2 | 38341 ||| READING scroll of enchant armour.
 38341 | Depths:2 | 38341 ||| ENCHANTING +0 cloak of willpower.
 38353 | Depths:2 | 38353 ||| INVOKING Heroism.
 38358 | Depths:2 | Received a gift from Okawaru
 38384 | Depths:2 | Reached skill level 12 in Throwing
 38388 | Depths:2 | 38388 ||| INVOKING Heroism.
 38396 | Depths:2 | 38396 ||| Stepping ~*~*~tactically~*~*~ (cloud).
 38401 | Depths:2 | 38401 ||| Stepping ~*~*~tactically~*~*~ (cloud).
 38413 | Depths:2 | HP: 25/155 [deep troll earth mage simulacrum[a necromancer]
                  | (22)]
 38414 | Depths:2 | 38414 ||| READING 23 scrolls of teleportation.
 38415 | Depths:2 | 38415 ||| DRINKING 11 potions of heal wounds.
 38416 | Depths:2 | 38416 ||| DRINKING 10 potions of heal wounds.
 38420 | Depths:2 | HP: 36/155 [spriggan air mage/the air (17)]
 38421 | Depths:2 | 38421 ||| READING 22 scrolls of teleportation.
 38422 | Depths:2 | 38422 ||| DRINKING 9 potions of heal wounds.
 38427 | Depths:2 | 38427 ||| INVOKING Finesse.
 38431 | Depths:2 | HP: 36/155 [frost giant/+1 battleaxe of freezing (8)]
 38432 | Depths:2 | 38432 ||| READING 21 scrolls of teleportation.
 38433 | Depths:2 | 38433 ||| DRINKING 8 potions of heal wounds.
 38434 | Depths:2 | 38434 ||| DRINKING 7 potions of heal wounds.
 38445 | Depths:2 | Received a gift from Okawaru
 38453 | Depths:2 | 38453 ||| Stepping ~*~*~tactically~*~*~ (hiding).
 38457 | Depths:2 | 38457 ||| Stepping ~*~*~tactically~*~*~ (hiding).
 38461 | Depths:2 | 38461 ||| INVOKING Heroism.
 38473 | Depths:2 | 38473 ||| Stepping ~*~*~tactically~*~*~ (stealth).
 38480 | Depths:2 | 38480 ||| Stepping ~*~*~tactically~*~*~ (stealth).
 38485 | Depths:2 | 38485 ||| Stepping ~*~*~tactically~*~*~ (stealth).
 38486 | Depths:2 | 38486 ||| Stepping ~*~*~tactically~*~*~ (stealth).
 38489 | Depths:2 | 38489 ||| Stepping ~*~*~tactically~*~*~ (stealth).
 38490 | Depths:2 | 38490 ||| Stepping ~*~*~tactically~*~*~ (hiding).
 38509 | Depths:2 | 38509 ||| INVOKING Finesse.
 38529 | Depths:2 | Reached skill level 6 in Dodging
 38541 | Depths:2 | HP: 31/155 [salamander/+3 trident (9)]
 38542 | Depths:2 | 38542 ||| READING 20 scrolls of teleportation.
 38542 | Depths:2 | HP: 14/155 [stone giant (10)]
 38543 | Depths:2 | 38543 ||| DRINKING 6 potions of heal wounds.
 38544 | Depths:2 | 38544 ||| INVOKING Heroism.
 38557 | Depths:2 | HP: 34/155 [fire giant/bolt of fire (10)]
 38558 | Depths:2 | 38558 ||| READING 19 scrolls of teleportation.
 38559 | Depths:2 | 38559 ||| DRINKING 5 potions of heal wounds.
 38578 | Depths:2 | 38578 ||| INVOKING Heroism.
 38587 | Depths:2 | HP: 36/155 [stone giant simulacrum[a necromancer] (6)]
 38587 | Depths:2 | Mangled by a stone giant simulacrum

Levels and vault maps discovered:
D:1:      dpeg_arrival_rooms_with_view, layout_loops_corners
D:2:      layout_basic
D:3:      gammafunk_wand_slinger, layout_basic, portal_sewer_entry_a, uniq_robin
D:4:      nicolae_cairo_tiling, layout_loops_ring,
          nicolae_sif_muna_condensation, serial_shops, nicolae_shop_crystal,
          nicolae_shop_crystal, shop, nicolae_stop_n_shop_2,
          nicolae_shop_pleasant_corner_grove, nicolae_shop_vocational,
          uniq_crazy_yiuf_cottage
D:5:      layout_basic, zin_treasury, temple_fountains, serial_shops,
          nicolae_shop_window_shopping, dreamdust_princess_bridge, minivault_26,
          eino_tiny_chamber, nicolae_shop_i_like_big_books, nicolae_titane,
          uniq_blork_the_orc
D:6:      layout_basic, gammafunk_temple_overflow_elements, uniq_maggie,
          uniq_duvessa
D:7:      layout_rooms, enter_bailey_8, ebering_ghost_inner_flame, centaur_isle
D:8:      layout_basic, nicolae_qazlal_eye_of_the_storm, erik_lair_island,
          serial_shops, shop, shop_fountains, ebering_ghost_disaster_area,
          nicolae_fountain_basement, uniq_prince_ribbit1, uniq_gastronok
D:9:      layout_basic, kennysheep_mini_moat, xom_shifter_show,
          amcnicky_altar_lugonu_corruption
D:10:     layout_basic, grunt_temple_overflow_open, nicolae_water_bricks,
          nicolae_kite_square_tiling_tiny, hangedman_abyss_or_decor_passed,
          kennysheep_generic_room_5
D:11:     layout_irregular_city, enter_trove_0, serial_undead, serial_undead_c,
          serial_undead_b, serial_undead_c, serial_undead_c, serial_undead_a,
          serial_undead_f, serial_undead_e, serial_undead_b, serial_undead_b,
          serial_undead_b, eino_jars
D:12:     minmay_wizard_corner, layout_stronghold, hiddenorc2_lemuel,
          serial_shops, nicolae_shop_back_alley_shop, gammafunk_ghost_arena
D:13:     layout_long_grid, grunt_vaults_entry_tiered
D:14:     layout_stronghold
D:15:     gammafunk_enter_depths_forms, layout_long_grid, serial_park_gazebo
          [serial_park_minivault_5x5_7], uniq_nessos
Temple:   nicolae_temple_ecumenical_triangle
Lair:1:   layout_roguey, guppyfry_lair_drakes, uniq_amaemon
Lair:2:   layout_gridlike, nicolae_snake_entry_squirm,
          portal_ice_cave_entry_pillars_1, basic_altar, serial_rivers,
          chequers_serial_rivers_room_b, chequers_serial_rivers_room_a,
          chequers_serial_rivers_room_b, chequers_serial_rivers_micro_d,
          chequers_serial_rivers_small_a
Lair:3:   layout_regular_city, nicolae_swamp_entry_splash_gauntlet
Lair:4:   layout_cellular_growth, slime_entry_1, gammafunk_ghost_necromancy,
          serial_bayou_pond_e, grunt_forest_large_clearings
Lair:5:   guppyfry_lair_end_dragon, layout_gridlike, dreamdust_gnoll_shepherd
Swamp:1:  layout_falls_marsh, gammafunk_ghost_hydra_chop,
          nicolae_swamp_very_dense_foliage, swamp_pool4, uniq_josephine
Swamp:2:  layout_falls_marsh, evilmike_swamp_ruin_house_2,
          infiniplex_staircase_pool
Swamp:3:  layout_basic_swamp, evilmike_swamp_ruin_rubble_2, swamp_pool1,
          nicolae_swamp_alligator_family, uniq_aizul
Swamp:4:  nzn_swamp_witches_coven, layout_basic_swamp, gammafunk_ghost_split,
          swamp_pool4, uniq_kirke
Snake:1:  layout_onion_interference, serial_shops, nicolae_take_the_stairs,
          serial_bayou_lagoon_b
Snake:2:  layout_gridlike, serial_shops, shop, nicolae_integral_box
Snake:3:  layout_rooms
Snake:4:  hellmonk_snake_rune_quicksilver_temple, layout_basic, basic_altar,
          serial_shops, shop_statue, uniq_saint_roka
Orc:1:    layout_caves, basic_altar, serial_shops, shop
Orc:2:    st_orc_ogre_mass, layout_diamond_mine, serial_shops,
          nicolae_shop_hallway_stairs, nicolae_alphabet_shops,
          lemuel_statue_altar, nicolae_orc_stony_grotto
Vaults:1: nicolae_vaults_little_squares_1, nicolae_vaults_little_squares_2,
          nicolae_vaults_tetromino_L_2, nicolae_vaults_frosty_reception,
          vaults_room_grunt_arrival_ludios, nicolae_vaults_tetromino_T_2,
          nicolae_vaults_tetromino_Z_1, nicolae_vaults_ninety_degrees,
          nicolae_vaults_asterisk, v_misc_1, nicolae_vaults_closet_pinwheel_1,
          v_misc_27, nicolae_vaults_house_3, ontoclasm_vaults_bender,
          layout_vaults_omnicross
Vaults:2: nicolae_vaults_an_arrangement, vaults_room_grid,
          minmay_crypt_entry_vampire_xt, nicolae_vaults_hexular_roomagon,
          nicolae_vaults_house_2, nicolae_vaults_three_branches,
          nicolae_vaults_little_squares_3, nicolae_vaults_storage_closets_3,
          v_misc_9, nicolae_vaults_octothorpe, nicolae_vaults_apartment_2,
          ontoclasm_vaults_gateway, nicolae_vaults_layer_cake_slice,
          layout_vaults_ring, serial_shops, shop, uniq_frederick, uniq_boris
Vaults:3: nicolae_vaults_tangram_2, nicolae_vaults_closet_pinwheel_3,
          nicolae_vaults_thirteen_compartments, ontoclasm_vaults_hangar,
          vaults_mumra_lcd, nicolae_vaults_trapezoid_lopsided_4,
          layout_vaults_omnigrid
Vaults:4: hangedman_vaults_variations, ontoclasm_vaults_hangar,
          nicolae_vaults_diamond_1, nicolae_vaults_network_s,
          nicolae_vaults_mitosis, nicolae_vaults_network_star,
          vaults_mumra_hexcomb, nicolae_vaults_what_the_h, v_misc_16,
          nicolae_vaults_diagonal_hallway_7, nicolae_vaults_layer_cake_slice,
          layout_vaults_omnibox, uniq_sojobo
Depths:1: layout_gridlike, nicolae_abyss_entry_one_way_or_another,
          mu_enter_wizlab_4, lightli_too_deep,
          amcnicky_mini_rare_corridor_liquid, chequers_big_river,
          hangedman_cracks_in_the_wall, uniq_nikola
Depths:2: cheibrodos_salmonella, layout_basic, serial_sigils_hangedman_shear,
          hellmouth_3, special_room [special_room_morgue],
          grunt_pan_entry_sceptre

Skill      XL: |  1  2  3  4  5  6  7  8  9 10 11 12 13 14 15 16 17 18 19 20 21 22 |
---------------+-------------------------------------------------------------------+-----
Axes           | 2 3 5 6 7 8 9 11 12 13 15 16 18 | 18.0
Fighting       | 4 5 6 7 8 9 10 11 12 13 15 17 19 21 | 21.3
Dodging        | 1 2 3 4 5 6 |  6.0
Shields        | 6 8 9 10 11 12 13 14 17 19 20 21 | 21.0
Throwing       | 1 2 3 4 5 6 7 9 10 11 12 | 12.0
Invocations    | 4 7 10 | 10.1
Armour         | 5 7 8 9 10 11 13 14 15 16 17 | 17.0

Action                     |  1- 3 |  4- 6 |  7- 9 | 10-12 | 13-15 | 16-18 | 19-21 | 22-24 || total
---------------------------+-------+-------+-------+-------+-------+-------+-------+-------++-------
  Melee: War axe           |   121 |   224 |   147 |       |       |       |       |       ||   492
         Broad axe         |       |       |    50 |   269 |   596 |  1016 |  1237 |   206 ||  3374
         Headbutt          |       |       |       |       |       |       |   129 |    58 ||   187
  Throw: Javelin           |       |       |    24 |    65 |   143 |    62 |   123 |    25 ||   442
         Boomerang         |       |       |     3 |    34 |    87 |    75 |     1 |     8 ||   208
 Invoke: Heroism           |       |       |    11 |    23 |    23 |    31 |    24 |     8 ||   120
         Finesse           |       |       |       |     2 |     9 |     4 |     7 |     4 ||    26
    Use: Scroll            |     3 |     9 |    13 |     5 |     2 |     2 |     4 |     6 ||    44
         Potion            |     1 |     3 |     4 |       |       |     1 |     5 |     7 ||    21
 Armour: Scale mail        |    63 |   122 |    11 |       |       |       |       |       ||   196
         Chain mail        |       |       |   160 |       |       |   244 |   454 |    85 ||   943
         Plate armour      |       |       |     6 |   150 |   389 |   252 |       |       ||   797
  Dodge: Dodged            |    52 |    75 |   104 |    64 |   146 |   231 |   200 |    47 ||   919
  Block: Buckler           |    20 |    33 |     5 |       |       |       |       |       ||    58
         Kite shield       |       |       |   140 |   133 |   292 |   345 |       |       ||   910
         Tower shield      |       |       |       |       |       |   163 |   778 |   163 ||  1104

Table legend:
 A = Non-vault XP
 B = Vault XP
 C = Vault XP percentage of total XP
 D = Non-vault monster count
 E = Vault monster count
 F = Vault count percentage of total count
                 A         B        C        D         E       F
            +---------+---------+-------+---------+---------+-------
      Total |  347101 |  300165 |  46.4 |     869 |     559 |  39.1
            +---------+---------+-------+---------+---------+-------
        D:1 |      34 |       4 |  10.5 |      20 |       2 |   9.1
        D:2 |      69 |       0 |   0.0 |      26 |       0 |   0.0
        D:3 |      62 |      44 |  41.5 |      17 |      17 |  50.0
        D:4 |     180 |       0 |   0.0 |      17 |       0 |   0.0
        D:5 |     336 |      90 |  21.1 |      15 |       1 |   6.2
        D:6 |     984 |     581 |  37.1 |      21 |       3 |  12.5
        D:7 |    1444 |     674 |  31.8 |      26 |       6 |  18.8
        D:8 |    1089 |    3033 |  73.6 |      23 |      13 |  36.1
        D:9 |    1677 |       0 |   0.0 |       6 |       0 |   0.0
       D:10 |    3588 |     578 |  13.9 |      15 |       2 |  11.8
       D:11 |    4727 |    8623 |  64.6 |      11 |      30 |  73.2
       D:12 |    4792 |    6084 |  55.9 |      14 |      41 |  74.5
       D:13 |   10217 |    5936 |  36.7 |      19 |      25 |  56.8
       D:14 |    8769 |       0 |   0.0 |      15 |       0 |   0.0
       D:15 |    7253 |    5795 |  44.4 |      12 |       9 |  42.9
     Lair:1 |    4306 |    2072 |  32.5 |      24 |       5 |  17.2
     Lair:2 |    2544 |     495 |  16.3 |      10 |       3 |  23.1
     Lair:3 |    5899 |    1790 |  23.3 |      21 |       5 |  19.2
     Lair:4 |    7319 |    2695 |  26.9 |      14 |      21 |  60.0
     Lair:5 |   16096 |    3823 |  19.2 |      47 |      15 |  24.2
    Swamp:1 |   12148 |    1763 |  12.7 |      24 |       5 |  17.2
    Swamp:2 |   11441 |       0 |   0.0 |      22 |       0 |   0.0
    Swamp:3 |   10831 |    2800 |  20.5 |      21 |       3 |  12.5
    Swamp:4 |   10225 |   29811 |  74.5 |      20 |      43 |  68.3
    Snake:1 |   16817 |       0 |   0.0 |      39 |       0 |   0.0
    Snake:2 |    7513 |       0 |   0.0 |      14 |       0 |   0.0
    Snake:3 |   21333 |       0 |   0.0 |      49 |       0 |   0.0
    Snake:4 |    6607 |   20843 |  75.9 |      20 |      30 |  60.0
      Orc:1 |    2891 |       0 |   0.0 |      36 |       0 |   0.0
      Orc:2 |     671 |   17738 |  96.4 |      15 |      36 |  70.6
   Vaults:1 |   45483 |   16343 |  26.4 |      63 |      21 |  25.0
   Vaults:2 |   30139 |   22014 |  42.2 |      46 |      29 |  38.7
   Vaults:3 |   17876 |   11168 |  38.5 |      22 |      10 |  31.2
   Vaults:4 |   14116 |   37653 |  72.7 |      18 |      47 |  72.3
   Depths:1 |   21257 |   11475 |  35.1 |      31 |      16 |  34.0
   Depths:2 |   22392 |   48176 |  68.3 |      25 |      52 |  67.5
    Abyss:2 |   13976 |       0 |   0.0 |      31 |       0 |   0.0
      Sewer |       0 |     116 | 100.0 |       0 |      20 | 100.0
     WizLab |       0 |   37948 | 100.0 |       0 |      49 | 100.0
            +---------+---------+-------+---------+---------+-------
